 Dungeon Crawl Stone Soup version 0.26-a0-935-g3624241d3c (webtiles) character file.

Game seed: 8726058537241521529

1327905 miscthings the Conqueror (level 27, -11/224 HPs)
             Began as a Halfling Hunter on Nov 26, 2020.
             Was the Champion of Ashenzari.
             Mangled by an Orb Guardian (13 damage)
             ... while paralysed by a Zot trap
             ... on level 5 of the Realm of Zot on Nov 27, 2020.
             The game lasted 06:37:08 (96920 turns).

miscthings the Conqueror (Halfling Hunter)         Turns: 96920, Time: 06:37:08

Health: -11/224    AC: 25    Str: 15    XL:     27
Magic:  44/44      EV:  3    Int: 19    God:    Ashenzari [******]
Gold:   5824       SH:  0    Dex: 32    Spells: 23/60 levels left

rFire    + + +     SeeInvis +   w - +7 Spriggan's Knife {stab, EV+4 Stlth+} (curse)
rCold    + + +     Faith    .   I - +5 kite shield {AC+3} (curse)
rNeg     + + +     Spirit   .   C - +5 steam dragon scales of Zomiucum {Dex+6 Slay+3} (curse)
rPois    ∞         Reflect  .   O - +0 hat of Basuikh Sono {rC++ Dex+4} (curse)
rElec    +         Harm     .   Y - scarf {+Inv} (curse)
rCorr    +         Rampage  +   E - -2 pair of gloves "Opsu" {rC+ MR+} (curse)
MR       ++++.     Clarity  +   F - +2 pair of boots {rampage} (curse)
Stlth    ++++++++++             D - amulet of Dufabo {RegenMP +Fly rF+ rN+ Slay+2} (curse)
HPRegen  0.47/turn              Z - ring "Atitaomo" {rElec rPois rF+ Dex+3} (curse)
MPRegen  0.54/turn              Q - ring of Ru's Whim {*Drain rF+ rN+ rCorr Int+3} (curse)

@: paralysed, lich-form, very slightly contaminated
A: small, hooves 1, repulsion field 1, mutation resistance 1
}: 15/15 runes: barnacled, slimy, silver, golden, iron, obsidian, icy, bone,
abyssal, demonic, glowing, magical, fiery, dark, gossamer
a: End Transformation, Curse Item, Scrying, Transfer Knowledge, Renounce
Religion, Evoke Invisibility, Evoke Flight


You were on level 5 of the Realm of Zot.
You worshipped Ashenzari.
Ashenzari was exalted by your worship.
You were a lich.
You visited 18 branches of the dungeon, and saw 89 of its levels.
You visited Pandemonium 3 times, and saw 23 of its levels.
You visited the Abyss 7 times.
You visited 1 bazaar.
You also visited: Trove, Sewer, Gauntlet, Ice Cave and Wizlab.

You collected 14532 gold pieces.
You spent 8708 gold pieces at shops.

Inventory:

Hand Weapons
 q - a +9 fustibalus of flaming
 w - the cursed +7 Spriggan's Knife (weapon) {stab, EV+4 Stlth+}
   (You bought it in a shop on level 2 of the Orcish Mines)

   It affects your evasion (+4).
   It makes you more stealthy.
   It has a curse placed upon it.
Missiles
 a - 482 sling bullets
 G - 9 throwing nets
 V - 18 atropa-tipped darts (quivered)
Armour
 s - the +3 cloak of the Locust {rF+ Int+4}
   (You took it off a draconian monk on level 2 of the Realm of Zot)

   It affects your intelligence (+4).
   It protects you from fire.
 C - the cursed +5 steam dragon scales of Zomiucum (worn) {Dex+6 Slay+3}
   (Okawaru gifted it to you on level 1 of the Orcish Mines)

   It affects your dexterity (+6).
   It affects your accuracy and damage with ranged weapons and melee attacks
   (+3).
   It has a curse placed upon it.
 E - the cursed -2 pair of gloves "Opsu" (worn) {rC+ MR+}
   (Okawaru gifted it to you on level 3 of the Spider Nest)

   It protects you from cold.
   It affects your resistance to hostile enchantments.
   It has a curse placed upon it.
 F - a cursed +2 pair of boots of rampaging (worn)
 I - a cursed +5 kite shield of protection (worn)
 O - the cursed +0 hat of Basuikh Sono (worn) {rC++ Dex+4}
   (You found it on level 5 of the Pits of Slime)

   It affects your dexterity (+4).
   It greatly protects you from cold.
   It has a curse placed upon it.
 Y - a cursed scarf of invisibility (worn)
Jewellery
 l - the cursed ring of Tush {rF+ rC- MR+++ Dex+4 Stlth+}
   (You acquired it on level 1 of the Tomb of the Ancients)

   [ring of protection from fire]

   It affects your dexterity (+4).
   It protects you from fire.
   It makes you vulnerable to cold.
   It affects your resistance to hostile enchantments.
   It makes you more stealthy.
   It has a curse placed upon it.
 D - the cursed amulet of Dufabo (around neck) {RegenMP +Fly rF+ rN+ Slay+2}
   (You found it on level 2 of the Abyss)

   [amulet of magic regeneration]

   It increases your magic regeneration.
   It affects your accuracy and damage with ranged weapons and melee attacks
   (+2).
   It protects you from fire.
   It protects you from negative energy.
   It lets you fly.
   It has a curse placed upon it.
 N - the ring of the Heavens {Wiz Str+6}
   (You found it in Pandemonium)

   [ring of wizardry]

   It improves your spell success rate.
   It affects your strength (+6).
 Q - the cursed ring of Ru's Whim (right hand) {*Drain rF+ rN+ rCorr Int+3}
   (You found it in a Gauntlet)

   [ring of resist corrosion]

   It affects your intelligence (+3).
   It protects you from fire.
   It protects you from negative energy.
   It provides partial protection from all sources of acid and corrosion.
   It causes draining when unequipped.
   It has a curse placed upon it.
 Z - the cursed ring "Atitaomo" (left hand) {rElec rPois rF+ Dex+3}
   (You acquired it on level 2 of the Depths)

   [ring of protection from fire]

   It affects your dexterity (+3).
   It protects you from fire.
   It insulates you from electricity.
   It protects you from poison.
   It has a curse placed upon it.
Wands
 g - a wand of iceblast (82)
 v - a wand of acid (23)
 A - a wand of paralysis (48)
 S - a wand of digging (20)
Scrolls
 b - 11 scrolls of fog
 d - 17 scrolls of remove curse
 e - 16 scrolls of teleportation
 f - 6 scrolls of vulnerability
 i - 9 scrolls of immolation
 k - 7 scrolls of magic mapping
 o - 9 scrolls of blinking
 u - 14 scrolls of fear
 z - 6 scrolls of silence
 P - 6 scrolls of holy word
 W - a scroll of summoning
 X - 33 scrolls of identify {@r1}
Potions
 m - 8 potions of haste
 n - 10 potions of magic
 r - 13 potions of brilliance
 t - 3 potions of cancellation
 x - 12 potions of lignification
 y - 6 potions of ambrosia
 B - 6 potions of attraction
 H - 14 potions of flight
 J - 18 potions of heal wounds
 K - 11 potions of might
 L - 3 potions of mutation
 M - 7 potions of resistance
 T - 21 potions of curing
 U - 6 potions of invisibility
Miscellaneous
 c - the horn of Geryon
 h - a figurine of a ziggurat
 j - a condenser vane
 p - a box of beasts
 R - a phantom mirror


   Skills:
 O Level 27 Fighting
 - Level 12.0(16.1) Short Blades
 - Level 1.0(18.2) Slings
 - Level 19.9(20.0) Throwing
 - Level 13.3 Armour
 + Level 18.7(22.3) Dodging
 - Level 21.0(24.4) Stealth
 + Level 21.9(24.0) Shields
 - Level 17.0 Spellcasting
 - Level 12.0(16.1) Conjurations
 - Level 8.0(12.4) Hexes
 - Level 12.0(16.1) Summonings
 - Level 18.3(22.0) Necromancy
 - Level 7.8(12.3) Translocations
 - Level 13.9(18.0) Transmutations
 - Level 18.3(22.0) Fire Magic
 - Level 3.0(6.8) Air Magic
 - Level 4.2(8.5) Earth Magic
 - Level 3.0(6.8) Poison Magic
 - Level 10.3(14.5) Evocations


You had 23 spell levels left.
You knew the following spells:

 Your Spells              Type           Power        Failure   Level
a - Borgnjor's Vile Clut  Necr/Erth      #######...   1%          5
b - Dazzling Flash        Conj/Hex       ######       1%          3
c - Malign Gateway        Summ/Tloc      ######....   9%          7
d - Portal Projectile     Hex/Tloc       ######       1%          3
e - Mephitic Cloud        Conj/Pois/Air  ######..     1%          3
x - Necromutation         Tmut/Necr      #######...   6%          8
z - Ignition              Fire           #######...   2%          8

Your spell library contained the following spells:

 Spells                   Type           Power        Failure   Level
 Animate Skeleton         Necr           ######       0%          1
 Foxfire                  Conj/Fire      ####         0%          1
 Magic Dart               Conj           ####         0%          1
 Summon Small Mammal      Summ           ####         0%          1
 Call Imp                 Summ           ######..     0%          2
 Corpse Rot               Necr/Air       N/A          0%          2
 Searing Ray              Conj           ######       0%          2
 Sublimation of Blood     Necr           #######...   0%          2
 Call Canine Familiar     Summ           ######..     0%          3
 Conjure Flame            Conj/Fire      ######..     0%          3
 Inner Flame              Hex/Fire       ######..     0%          3
 Animate Dead             Necr           #######...   0%          4
 Dispel Undead            Necr           #######.     0%          4
 Agony                    Necr           #######.     0%          5
 Excruciating Wounds      Necr           #######...   0%          5
 Corona                   Hex            ######.      1%          1
 Sandblast                Erth           #####.       1%          1
 Shock                    Conj/Air       ####         1%          1
 Sting                    Tmut/Pois      ####         1%          1
 Blink                    Tloc           N/A          1%          2
 Ensorcelled Hibernation  Hex/Ice        #####.       1%          2
 Passwall                 Tmut/Erth      ######..     1%          2
 Poisonous Vapours        Pois/Air       #####.       1%          2
 Slow                     Hex            ######..     1%          2
 Swiftness                Air            #####...     1%          2
 Gell's Gravitas          Tloc           ######....   1%          3
 Ignite Poison            Fire/Tmut/Pois ######..     1%          3
 Lesser Beckoning         Tloc           ######....   1%          3
 Static Discharge         Conj/Air       ######..     1%          3
 Stone Arrow              Conj/Erth      ######       1%          3
 Summon Guardian Golem    Hex/Summ       ######..     1%          3
 Teleport Other           Tloc           ######..     1%          3
 Cause Fear               Hex            ######....   1%          4
 Fulminant Prism          Conj/Hex       ######....   1%          4
 Hailstorm                Conj/Ice       #####...     1%          4
 Ice Form                 Ice/Tmut       ######..     1%          4
 Iskenderun's Mystic Bla  Conj/Tloc      ######..     1%          4
 Leda's Liquefaction      Hex/Erth       ######....   1%          4
 Passage of Golubria      Tloc           N/A          1%          4
 Petrify                  Tmut/Erth      ######..     1%          4
 Summon Ice Beast         Ice/Summ       #####...     1%          4
 Summon Lightning Spire   Summ/Air       ######..     1%          4
 Alistair's Intoxication  Tmut/Pois      ######...    1%          5
 Bolt of Magma            Conj/Fire/Erth ######....   1%          5
 Fireball                 Conj/Fire      ######....   1%          5
 Irradiate                Conj/Tmut      ######....   1%          5
 Iskenderun's Battlesphe  Conj           ######..     1%          5
 Lightning Bolt           Conj/Air       ######....   1%          5
 Silence                  Hex/Air        ######....   1%          5
 Summon Demon             Summ           ######....   1%          5
 Summon Forest            Summ/Tloc      ######....   1%          5
 Summon Mana Viper        Hex/Summ       ######..     1%          5
 Yara's Violent Unravell  Hex/Tmut       ######....   1%          5
 Death Channel            Necr           #######...   1%          6
 Hydra Form               Tmut           ######....   1%          6
 Shadow Creatures         Summ           N/A          1%          6
 Starburst                Conj/Fire      ######....   1%          6
 Dragon Form              Tmut           ######....   1%          7
 Freeze                   Ice            ###.         2%          1
 Airstrike                Air            #####.....   2%          4
 Olgreb's Toxic Radiance  Pois           #####...     2%          4
 Statue Form              Tmut/Erth      ######...    2%          6
 Lee's Rapid Deconstruct  Erth           #####.....   3%          5
 Dispersal                Tloc           ######....   3%          6
 Eringya's Noxious Bog    Tmut/Pois      ######....   3%          6
 Iron Shot                Conj/Erth      ######....   3%          6
 Spellforged Servitor     Conj/Summ      ######....   4%          7
 Summon Hydra             Summ           ######....   4%          7
 Simulacrum               Ice/Necr       ######....   5%          6
 Frozen Ramparts          Ice            ###...       9%          3
 Ozocubu's Armour         Ice            ###.....     9%          3
 Freezing Cloud           Conj/Ice/Air   #####.....   22%         6
 Disjunction              Tloc           ######....   83%         8
 Lehudib's Crystal Spear  Conj/Erth      ######....   83%         8
 Fire Storm               Conj/Fire      ######....   83%         9
 Chain Lightning          Conj/Air       ######....   91%         8
 Dragon's Call            Summ           ######....   99%         9
 Absolute Zero            Ice            ###.......   100%        9
 Shatter                  Erth           #####.....   100%        9
 Tornado                  Air            #####.....   100%        9


Dungeon Overview and Level Annotations

Branches:
Dungeon (15/15)            Temple (1/1) D:5            Lair (6/6) D:8
 Shoals (4/4) Lair:4       Spider (4/4) Lair:4        Slime (5/5) Lair:6
    Orc (2/2) D:12            Elf (3/3) Orc:2        Vaults (5/5) D:14
  Crypt (3/3) Vaults:2       Tomb (3/3) Crypt:3      Depths (5/5) D:15
   Hell (visited)             Dis (7/7) Hell            Geh (7/7) Hell
    Coc (7/7) Hell            Tar (7/7) Hell            Zot (5/5) Depths:5
  Sewer (visited)           IceCv (visited)          WizLab (visited)
Gauntlet (visited)

Altars:
Ashenzari
Cheibriados
Dithmenos
Elyvilon
Gozag
Kikubaaqudgha
Makhleb
Okawaru
Ru
Sif Muna
Trog
Wu Jian
Xom
Yredelemnul
The Shining One
Beogh
Jiyva

Shops:
D:4 [   D:9 *   D:11 *   D:14 *   Orc:1 }*(   Orc:2 (((*   Elf:1 }?([
Vaults:1 !   Vaults:4 *   Vaults:5 !=[!([

Portals:
Hell: Depths:1 Depths:2 Depths:3 Depths:4 Depths:5
Abyss: Depths:4
Pandemonium: Depths:3
Ziggurat: Depths:1

Annotations:
D:7 5 runed translucent doors
D:13 3 runed translucent doors
Depths:5 2 runed translucent doors


Innate Abilities, Weirdness & Mutations

You are small and have problems with some larger weapons.
You are somewhat resistant to further mutation.
You have large cloven feet.
You are surrounded by a mild repulsion field. (EV +2)


Message History

You hear a shout!
The Orb Guardian hits you!!! The moth of wrath barely misses you.
Your eldritch tentacle slaps the moth of wrath.
Your eldritch tentacle claws the moth of wrath!!
The moth of wrath seems to grow stronger.
The Orb Guardian hits you but does no damage.
Your eldritch tentacle barely misses the moth of wrath.
Your eldritch tentacle claws the moth of wrath.
Your eldritch tentacle shocks the moth of wrath!
The moth of wrath dies!
The Orb Guardian hits you! The Orb Guardian hits you!!!
* * * LOW HITPOINT WARNING * * *
Your eldritch tentacle slaps the Orb Guardian!
Your eldritch tentacle shocks the Orb Guardian!!
Your eldritch tentacle claws the Orb Guardian.
Your eldritch tentacle freezes the Orb Guardian!!
The Orb Guardian hits you!!
* * * LOW HITPOINT WARNING * * *
The Orb Guardian hits you!
You die...

##.# #....# #.........+......
##.######## ################▓▓
..........# ##..............##
.........## ##...*............#
.......^.# ##.../..............
........## #.../..).....(......,
........# #..<................
........## #.^.w†........^.....,
.........# #..^LX.^.^))(......?,
.........## #.....)...(.........
..........###..†....^.(...^.....,
########...###..[.(.............*
##....##))..............#*
###....^.[.....^......##
#▓▓▓▓▓▓▓▓▓▓▓##(....▓▓ ** ,, ,
...,,* *,,,, , ,,,, ..,,, *


You could see an Orb Guardian (berserk) and a friendly eldritch tentacle.

Vanquished Creatures
  Cerebov (Pan)
  Antaeus (Coc:7)
  the Royal Jelly (Slime:5)
  Dissolution (Slime:2)
  Gloorx Vloq (Pan)
  The ghost of dickylongcocking the Hoplite, a legendary DrCj of Gozag (Zot:2)
  the Serpent of Hell (Dis:7)
  Ereshkigal (Tar:7)
  Mnoleg (Pan)
  A seraph (Pan)
  Lom Lobon (Pan)
  3 ancient liches
  3 orbs of fire
  Dispater (Dis:7)
  Mara (Crypt:2)
  Mennas (Tomb:3)
  3 juggernauts
  Boris (Crypt:3)
  9 Killer Klowns
  13 royal mummies
  Frederick (Crypt:3)
  Saint Roka (Vaults:5)
  Xtahua (Vaults:5)
  5 shard shrikes
  3 curse toes
  Nikola (Vaults:1)
  10 golden dragons
  Geryon (Hell)
  9 pandemonium lords (Pan)
  Arachne (Spider:2)
  5 bone dragons
  2 pearl dragons (Pan)
  A Cloud Mage (WizLab)
  2 electric golems
  8 Tzitzimimeh
  12 liches
  A doom hound (Tar:7)
  11 Brimstone Fiends
  6 Hell Sentinels
  3 iron giants (Dis:7)
  22 tentacled monstrosities
  Rupert (Spider:1)
  8 Orb Guardians (Zot:5)
  9 deep elf blademasters
  9 quicksilver dragons
  22 Ice Fiends
  7 deep elf master archers
  22 titans
  21 acid blobs
  Frances (Spider:2)
  7 tentacled starspawn
  11 Executioners (Pan)
  10 death cobs
  15 ancient champions
  14 shadow dragons
  13 sphinxes
  An eldritch tentacle (Zot:5)
  2 warmongers (Pan)
  10 draconian monks
  Roxanne (Shoals:2)
  Donald (Spider:2)
  16 storm dragons
  4 revenants
  Ilsuiw (Shoals:4)
  8 tengu reavers
  13 daevas (Pan)
  12 azure jellies
  6 iron dragons
  20 fire giants
  14 cacodemons (Pan)
  8 ghost moths
  26 balrugs
  7 draconian knights
  16 vault wardens
  23 frost giants
  The ghost of Qoceumut the Corrupter of Planes, a journeyman DsAK of Lugonu (Shoals:4)
  8 deep elf sorcerers
  5 black suns (Pan)
  A ghoul (Crypt:1)
  9 draconian scorchers
  3 curse skulls
  6 deep elf elementalists
  28 angels (Pan)
  7 draconian stormcallers
  13 draconian shifters
  7 emperor scorpions
  An elemental wellspring (Coc:7)
  16 ironheart preservers
  A spriggan defender (Depths:1)
  11 war gargoyles
  42 reapers
  33 very ugly things
  4 blood saints (Pan)
  5 draconian annihilators
  15 ophanim
  5 deep elf demonologists
  2 entropy weavers
  An entropy weaver (shapeshifter) (Depths:3)
  27 stone giants
  12 vampire knights
  24 apis (Pan)
  8 bennus
  4 starcursed masses
  2 corrupters (Pan)
  8 deep elf annihilators
  24 green draconians
  7 lorocyprocas
  15 purple draconians
  16 red draconians
  A minotaur (Gauntlet)
  25 black draconians
  16 spark wasps
  13 white draconians
  19 yellow draconians
  2 eidola
  8 merfolk javelineers (Shoals:4)
  23 mummy priests
  12 merfolk impalers
  10 death oozes
  14 ettins
  31 blizzard demons
  12 deep elf death magi
  A kraken zombie (Coc:3)
  15 green deaths
  6 jiangshi
  20 fire dragons
  4 crystal guardians
  12 yaktaur captains
  4 quicksilver dragon zombies
  7 deep elf high priests
  17 great orbs of eyes
  The ghost of LufLufFighter the Transmogrifier, a journeyman MfTm of Vehumet (D:11)
  8 boulder beetles
  28 vault guards
  3 quicksilver dragon skeletons
  4 merfolk avatars
  6 spriggan air magi
  5 rakshasas
  17 ice dragons
  12 centaur warriors
  2 juggernaut simulacra (Pan)
  3 hell beasts (Pan)
  43 two-headed ogres
  4 monstrous demonspawn
  4 alligator snapping turtles
  4 death knights
  An anaconda (shapeshifter) (Depths:5)
  3 ghost crabs (WizLab)
  3 catoblepae
  4 merfolk aquamancers
  12 hydras
  The ghost of jr88keys the Geomancer, a journeyman GrEE of Dithmenos (Lair:1)
  2 satyrs
  31 dancing weapons
  36 death scarabs
  4 deep troll earth magi
  11 deep troll shamans
  4 vampire magi
  39 hell hogs
  8 death yaks
  13 ogre magi
  9 spriggan berserkers
  7 tengu warriors
  4 thrashing horrors
  4 titan zombies
  4 storm dragon zombies
  11 orc high priests
  Urug (D:13)
  7 iron golems
  4 shock serpents
  A fire crab (shapeshifter) (Vaults:1)
  A spatial maelstrom (Abyss:1)
  23 deep elf knights
  97 skeletal warriors
  36 soul eaters
  38 hell knights
  4 wretched stars (Abyss:1)
  48 sun demons
  24 sixfirhies (Pan)
  3 titan skeletons
  A goliath frog (shapeshifter) (Depths:1)
  7 iron trolls
  4 anaconda zombies
  5 death drakes (WizLab)
  8 shadow wraiths
  A storm dragon skeleton (Crypt:3)
  A spark wasp zombie (Crypt:2)
  12 sea snakes
  54 large abominations
  2 golden dragon zombies
  An obsidian statue (D:13)
  5 unseen horrors
  10 shadow demons
  15 cherubim
  16 deep trolls
  8 wizards
  7 glowing orange brains
  10 flayed ghosts
  2 kraken simulacra
  2 orange crystal statues
  25 deep elf archers
  15 ironbrand convokers
  9 torturous demonspawn (Pan)
  2 gelid demonspawn (Pan)
  2 shadow dragon zombies
  37 necromancers
  2 swamp dragons (shapeshifter) (Depths:2)
  4 golden dragon skeletons
  16 phantasmal warriors
  4 infernal demonspawn (Pan)
  13 orc knights
  8 anaconda skeletons
  A stone giant zombie (Dis:7)
  Pikel (D:8)
  2 harpies (shapeshifter)
  An orb spider (shapeshifter) (Depths:1)
  A fire giant zombie (Dis:6)
  18 harpies
  An oklob plant (Lair:4)
  22 orb spiders
  9 fauns
  4 iron dragon zombies
  A cyclops (shapeshifter) (Vaults:5)
  3 orc sorcerers
  12 cyclopes
  2 wolf spider zombies
  8 shining eyes
  5 shadow dragon skeletons
  31 wolf spiders
  3 frost giant zombies
  85 deep elf magi
  12 manticores
  40 ugly things
  5 iron dragon skeletons
  7 stone giant skeletons
  8 ice statues
  3 elephants (Lair:6)
  37 moths of wrath
  14 rust devils
  9 merfolk sirens
  2 dire elephant zombies
  A moth of wrath (shapeshifter) (Depths:1)
  4 fire giant skeletons
  3 worldbinders
  Maurice (D:13)
  A titan simulacrum (Vaults:4)
  6 apocalypse crabs
  A black mamba (Lair:6)
  4 frost giant skeletons
  4 eyes of devastation
  2 black mambas (shapeshifter) (Depths:2)
  3 torpor snails
  18 vault sentinels
  An eye of devastation (shapeshifter) (Vaults:5)
  4 centaur skeletons
  27 smoke demons
  2 shock serpent skeletons
  4 water nymphs (Shoals:3)
  3 gargoyles
  25 orange demons
  An iron troll zombie (Crypt:2)
  44 yaktaurs
  2 kobold demonologists (D:13)
  4 dire elephant skeletons
  9 hellions
  A white draconian zombie (Crypt:1)
  21 cane toads
  An anaconda simulacrum (Abyss:1)
  5 rime drakes
  23 demonic crawlers
  2 efreet
  29 ice devils
  A catoblepas skeleton (Coc:7)
  18 freezing wraiths
  6 komodo dragons
  3 ancient zymes
  A white draconian skeleton (Crypt:1)
  A yaktaur zombie (Vaults:3)
  37 guardian mummies
  15 human skeletons
  14 hellwings
  39 merfolk
  2 yaktaur skeletons (Vaults:2)
  A harpy zombie (Coc:7)
  22 red devils
  A tengu conjurer (D:15)
  16 tormentors
  A golden dragon simulacrum (Depths:2)
  28 jumping spiders
  8 trolls
  7 hydra zombies
  A queen bee (D:11)
  2 harpy skeletons
  13 hornets
  3 polar bears
  12 blink frogs
  2 blink frogs (shapeshifter)
  4 fire dragon zombies
  A raiju (shapeshifter) (Vaults:4)
  A raiju (Abyss:1)
  78 slime creatures
  4 wind drakes
  10 dream sheep
  2 alligator zombies
  4 hydra skeletons
  12 snapping turtles
  3 spriggan zombies (Depths:2)
  A meliai zombie (D:13)
  75 redbacks
  11 shadows
  A tarantella (shapeshifter) (Depths:1)
  2 alligator skeletons
  2 ice dragon zombies
  7 ettin skeletons
  A stone giant simulacrum (Vaults:3)
  Sigmund (D:6)
  10 air elementals
  101 flying skulls
  3 ettin zombies
  26 ynoxinuls
  28 tarantellas
  2 vampires
  7 wraiths
  11 ushabtiu
  14 water elementals
  A wind drake zombie (Crypt:2)
  A spriggan (D:11)
  2 fire dragon skeletons
  Eustachio (D:5)
  5 basilisks
  5 wyverns
  77 yaks
  19 humans (D:14)
  A human (shapeshifter) (Depths:2)
  3 golden eyes (Pan)
  A golden eye (shapeshifter) (Vaults:2)
  14 chaos spawn
  26 neqoxecs
  3 human simulacra
  15 fire elementals
  A wind drake skeleton (Crypt:1)
  9 vampire mosquitoes
  18 wargs
  Menkaure (D:5)
  A catoblepas simulacrum (Tomb:3)
  A warg (shapeshifter) (Vaults:2)
  An insubstantial wisp (Abyss:2)
  A glowing shapeshifter zombie (Crypt:2)
  2 soldier ants (D:14)
  3 cane toad zombies
  27 hell hounds
  An acid dragon (Zot:3)
  14 water moccasins
  16 ice beasts
  A torturous demonspawn skeleton (Crypt:2)
  A floating eye (Depths:1)
  A merfolk skeleton (Crypt:1)
  Purgy (Sewer)
  2 cane toad skeletons
  An ice beast (shapeshifter) (Depths:3)
  A deep troll skeleton (Vaults:2)
  44 orc warriors
  2 phantoms
  7 sky beasts
  A black bear (shapeshifter) (D:12)
  8 black bears
  4 snapping turtle zombies
  5 eyes of draining
  8 necrophages
  5 boggarts (Vaults:3)
  21 wolves
  An eye of draining (shapeshifter) (D:14)
  37 ogres
  42 centaurs
  An elf skeleton (Vaults:4)
  A manticore skeleton (Coc:7)
  2 snapping turtle skeletons
  3 swamp dragon skeletons
  Blork the orc (D:5)
  2 big kobolds
  4 human zombies
  A salamander zombie (Crypt:1)
  25 bullfrogs
  A fire crab zombie (Crypt:1)
  4 earth elementals
  5 gnoll sergeants (D:6)
  10 scorpions
  9 small abominations
  A water moccasin skeleton (Crypt:1)
  3 wyvern skeletons
  19 killer bees
  6 howler monkeys
  40 wights
  2 crimson imps
  2 bullfrog zombies
  5 centaur zombies
  9 hounds
  5 quasits
  A bullfrog skeleton (D:8)
  13 iron imps
  4 jellies
  59 orc priests
  38 orc wizards
  4 gnoll shamans
  4 iguanas
  Jessica (D:3)
  Terence (D:3)
  9 hell rats (Hell)
  18 worker ants
  A troll simulacrum (Hell)
  34 mummies
  A howler monkey zombie (D:7)
  24 gnolls
  11 adders
  4 shadow imps
  7 white imps
  5 ufetubi
  2 oozes (D:3)
  An iguana zombie (Crypt:1)
  2 adder skeletons
  An adder zombie (D:4)
  8 worms
  2 dart slugs
  10 leopard geckos
  143 orcs
  9 bats
  5 giant cockroaches
  8 hobgoblins
  23 jackals
  17 kobolds
  2 quokkas (D:6)
  3 ball pythons
  A frilled lizard (D:3)
  A goblin (D:2)
  A jackal skeleton (D:9)
  A kobold zombie (Tar:7)
  3 quokka skeletons
  12 rats
  A bush (Lair:4)
  4 crawling corpses (Elf:3)
  A lurking horror (Abyss:1)
  2 tentacles (Coc:3)
4509 creatures vanquished.

Vanquished Creatures (collateral kills)
  A Killer Klown (Zot:5)
  A lich (Vaults:5)
  A titan (Vaults:5)
  An Executioner (Pan)
  A sphinx (Vaults:5)
  A warmonger (Pan)
  A balrug (Pan)
  A yellow draconian (Zot:5)
  A vault guard (Vaults:5)
  A sun demon (Pan)
  A soul eater (Pan)
  2 moths of wrath (Zot:5)
  A tarantella (Spider:1)
  2 ice beasts (IceCv)
16 creatures vanquished.

Vanquished Creatures (others)
  A golden dragon (Vaults:5)
  A titan (Depths:2)
  2 eldritch tentacles
  2 fire giants
  A frost giant (Depths:3)
  A vampire knight (Depths:1)
  A yaktaur captain (Vaults:5)
  A rakshasa (Depths:1)
  A hell hog (Geh:1)
  A deep elf knight (Elf:3)
  A skeletal warrior (Coc:7)
  A glowing orange brain (Abyss:1)
  An unseen horror (D:14)
  An infernal demonspawn (Pan)
  An orb spider (Spider:2)
  A necromancer (D:14)
  A wolf spider zombie (Geh:2)
  A deep elf mage (Elf:1)
  A frost giant skeleton (Coc:7)
  2 rust devils (Dis:7)
  An apocalypse crab (WizLab)
  2 yaktaurs
  A hydra zombie (Coc:7)
  A tarantella (Spider:3)
  A redback (Spider:3)
  A large abomination (Abyss:2)
  A fire elemental (Hell)
  A warg (Vaults:5)
  3 hell hounds (Geh:2)
  3 orc warriors (Vaults:5)
  An eye of draining (D:11)
  A centaur (Shoals:1)
  A small abomination (Abyss:1)
  3 bushes (D:8)
  A fire vortex (Pan)
  32 fungi
  99 plants
  12 starspawn tentacles (Abyss:1)
  6 tentacles
194 creatures vanquished.

Grand Total: 4719 creatures vanquished

Notes
Turn   | Place    | Note
-------+----------+-------------------------------------------
     0 | D:1      | miscthings the Halfling Hunter began the quest for the Orb.
     0 | D:1      | Reached XP level 1. HP: 14/14 MP: 1/1
   169 | D:1      | Reached XP level 2. HP: 18/19 MP: 2/2
   448 | D:1      | Reached XP level 3. HP: 24/24 MP: 3/3
  1161 | D:2      | Reached XP level 4. HP: 29/29 MP: 4/4
  1768 | D:3      | Reached XP level 5. HP: 34/34 MP: 5/5
  1805 | D:3      | Found an ornate altar of the Wu Jian Council.
  1947 | D:3      | Noticed Jessica
  1953 | D:3      | Killed Jessica
  1998 | D:3      | Noticed Terence
  2026 | D:3      | Killed Terence
  2182 | D:3      | Found a faded altar of an unknown god.
  2478 | D:4      | Reached XP level 6. HP: 39/39 MP: 6/6
  2487 | D:4      | Reached skill level 10 in Slings
  2632 | D:4      | Found Hayd Dorr's Armour Shoppe.
  2687 | D:4      | Reached XP level 7. HP: 44/44 MP: 7/7
  3096 | D:4      | Reached skill level 2 in Fighting
  3096 | D:4      | Reached skill level 1 in Armour
  3234 | D:5      | Entered Level 5 of the Dungeon
  3262 | D:5      | Noticed Blork the orc
  3273 | D:5      | Killed Blork the orc
  3274 | D:5      | Reached XP level 8. HP: 43/51 MP: 8/8
  3317 | D:5      | Reached skill level 3 in Fighting
  3492 | D:5      | Found a staircase to the Ecumenical Temple.
  3501 | Temple   | Entered the Ecumenical Temple
  3568 | Temple   | Became a worshipper of Warmaster Okawaru
  3638 | D:5      | Noticed Eustachio
  3652 | D:5      | Killed Eustachio
  3741 | D:5      | Found a glowing drain.
  3771 | Sewer    | Entered a sewer
  3859 | Sewer    | Noticed Purgy
  3868 | Sewer    | Killed Purgy
  3967 | D:5      | Noticed Menkaure
  3972 | D:5      | Killed Menkaure
  3972 | D:5      | Reached * piety under Okawaru
  3973 | D:5      | Reached skill level 4 in Fighting
  3973 | D:5      | Reached skill level 5 in Dodging
  3973 | D:5      | Reached XP level 9. HP: 58/58 MP: 9/9
  4854 | D:6      | Noticed Sigmund
  4870 | D:6      | Killed Sigmund
  4871 | D:6      | Reached skill level 5 in Armour
  4914 | D:6      | Got an iridescent dagger
  4915 | D:6      | Identified the cursed +1 dagger "Wistosm" {vorpal, Str+4}
                  | (You found it on level 6 of the Dungeon)
  5089 | D:6      | Reached skill level 5 in Fighting
  5291 | D:6      | Reached ** piety under Okawaru
  5292 | D:6      | Reached skill level 1 in Shields
  5736 | D:6      | Reached XP level 10. HP: 66/66 MP: 10/10
  6103 | D:7      | Found a runed translucent gate.
  6104 | D:7      | Found a runed translucent gate.
  6104 | D:7      | Found a runed translucent door.
  6110 | D:7      | Found a runed translucent gate.
  6206 | D:7      | Reached *** piety under Okawaru
  6626 | D:7      | Reached skill level 5 in Shields
  6649 | D:7      | Reached skill level 6 in Fighting
  6845 | D:7      | Found the +9 staff of Olgreb {rPois∞}
  6867 | D:7      | Found a runed translucent door.
  6948 | D:8      | Noticed Pikel
  7105 | D:8      | Killed Pikel
  7105 | D:8      | Reached **** piety under Okawaru
  7123 | D:8      | Received a gift from Okawaru
  7512 | D:8      | Reached XP level 11. HP: 59/74 MP: 11/11
  7714 | D:8      | Reached skill level 7 in Fighting
  7754 | D:8      | Found a staircase to the Lair.
  7816 | D:8      | Received a gift from Okawaru
  8067 | D:8      | Found an ancient bone altar of Kikubaaqudgha.
  8067 | D:8      | Found a glowing golden altar of the Shining One.
  8067 | D:8      | Found a bloodstained altar of Trog.
  8336 | D:9      | Found Miucuiz's Assorted Antiques.
  8342 | D:9      | Bought a fuming purple potion for 25 gold pieces
  8342 | D:9      | Bought a wooden ring for 140 gold pieces
  8506 | D:9      | Reached ***** piety under Okawaru
  8771 | D:9      | Reached skill level 1 in Invocations
  8786 | D:9      | Reached skill level 1 in Evocations
  9200 | D:9      | Noticed a two-headed ogre
  9217 | D:9      | Killed a two-headed ogre
  9359 | D:9      | Upgraded the game from 0.26-a0-863-g3bff4b215c to
                  | 0.26-a0-935-g3624241d3c
  9432 | Lair:1   | Entered Level 1 of the Lair of Beasts
  9509 | Lair:1   | Received a gift from Okawaru
  9564 | Lair:1   | Reached XP level 12. HP: 48/82 MP: 13/13
  9588 | Lair:1   | Noticed a four-headed hydra
  9653 | Lair:1   | Noticed jr88keys's ghost (journeyman GrEE)
  9655 | Lair:1   | Found a runed translucent door.
  9790 | Lair:1   | Found a gate leading to a gauntlet.
  9929 | Gauntlet | Entered a Gauntlet
  9929 | Gauntlet | Found a transporter.
  9929 | Gauntlet | Noticed a death scarab
  9938 | Gauntlet | Found a transporter.
  9941 | Gauntlet | Noticed a death ooze
  9952 | Gauntlet | Found a runed translucent gate.
  9952 | Gauntlet | Found a runed translucent gate.
  9954 | Gauntlet | Found a transporter.
  9958 | Gauntlet | Found a transporter.
  9981 | Gauntlet | Found a transporter.
  9986 | Gauntlet | Noticed a green death
  9988 | Gauntlet | Found a transporter.
  9995 | Gauntlet | Noticed a thrashing horror
 10004 | Gauntlet | Found a transporter.
 10013 | Gauntlet | Noticed a death ooze
 10024 | Gauntlet | Found a transporter.
 10028 | Gauntlet | Found a transporter.
 10029 | Gauntlet | Noticed a death scarab
 10036 | Gauntlet | Found a transporter.
 10060 | Gauntlet | Found a transporter.
 10060 | Gauntlet | Found a transporter.
 10082 | Gauntlet | Found a runed translucent gate.
 10127 | Gauntlet | Killed a death ooze
 10127 | Gauntlet | Received a gift from Okawaru
 10128 | Gauntlet | Reached skill level 8 in Fighting
 10144 | Gauntlet | Got a warped leather armour
 10161 | Gauntlet | Identified the cursed +0 leather armour "Qiwkoa" {Str+3}
                  | (You found it in a Gauntlet)
 10192 | Gauntlet | Killed a green death
 10244 | Gauntlet | Got a crude gossamer ring
 10251 | Gauntlet | Identified the ring of Ru's Whim {*Drain rF+ rN+ rCorr
                  | Int+3} (You found it in a Gauntlet)
 10314 | Gauntlet | Noticed a minotaur
 10349 | Gauntlet | Killed a minotaur
 10670 | Lair:1   | Reached ****** piety under Okawaru
 10674 | Lair:1   | Received a gift from Okawaru
 10683 | Lair:1   | Reached skill level 15 in Slings
 10929 | Lair:1   | Killed a four-headed hydra
 11010 | Lair:2   | Noticed an eight-headed hydra
 11016 | Lair:2   | Killed an eight-headed hydra
 11017 | Lair:2   | Reached skill level 10 in Dodging
 11017 | Lair:2   | Noticed a six-headed hydra
 11022 | Lair:2   | Killed a six-headed hydra
 11023 | Lair:2   | Reached skill level 5 in Invocations
 11023 | Lair:2   | Reached XP level 13. HP: 89/89 MP: 16/16
 11400 | Lair:2   | Reached skill level 10 in Armour
 11453 | Lair:2   | Reached skill level 5 in Evocations
 11521 | Lair:2   | You fall into a shaft and drop 1 floor!
 11987 | D:10     | Entered Level 10 of the Dungeon
 12090 | D:10     | Received a gift from Okawaru
 12219 | D:10     | Reached skill level 9 in Fighting
 12994 | D:11     | Noticed LufLufFighter's ghost (journeyman MfTm)
 12994 | D:11     | Identified the +6 great mace of Ilohy {pain, rF+ Dex+5}
 12994 | D:11     | Identified the +8 great mace "Efoujuom" {vorpal, Dex+4}
 13012 | D:11     | Found a transporter.
 13027 | D:11     | Found a transporter.
 13146 | D:11     | Found Hoshuup's Demolitions Depot.
 13277 | D:11     | Received a gift from Okawaru
 13478 | D:11     | Noticed a four-headed hydra
 13483 | D:11     | Killed a four-headed hydra
 13992 | D:12     | Received a gift from Okawaru
 14004 | D:12     | Reached XP level 14. HP: 89/97 MP: 19/19
 14007 | D:12     | Got a pitted broad axe {god gift}
 14021 | D:12     | Identified the +6 broad axe of Miucw {protect, rPois MR++}
                  | (Okawaru gifted it to you on level 12 of the Dungeon)
 14276 | D:12     | Found a staircase to the Orcish Mines.
 14680 | D:12     | Received a gift from Okawaru
 15207 | D:13     | Received a gift from Okawaru
 15314 | D:13     | Found a runed translucent door.
 15314 | D:13     | Noticed Urug
 15324 | D:13     | Killed Urug
 15353 | D:13     | Found a runed translucent door.
 15405 | D:13     | Found a runed translucent door.
 15438 | D:13     | Found a runed translucent door.
 15522 | D:13     | Reached skill level 10 in Fighting
 15723 | D:13     | Noticed Maurice
 15730 | D:13     | Killed Maurice
 16380 | D:14     | Found Zaggow's General Store.
 16449 | D:14     | Bought a potion of might for 56 gold pieces
 16567 | D:14     | Reached XP level 15. HP: 85/103 MP: 21/21
 16616 | D:14     | Received a gift from Okawaru
 16626 | D:14     | Got an ancient hunting sling {god gift}
 16627 | D:14     | Identified the +8 hunting sling of Yeast {vorpal, MR-
                  | Dex+7} (Okawaru gifted it to you on level 14 of the
                  | Dungeon)
 17199 | D:14     | Received a gift from Okawaru
 17226 | D:14     | Got a sapphire hunting sling {god gift}
 17228 | D:14     | Identified the +5 hunting sling of Jewkuy {venom, rElec MR+
                  | Int+2 Stlth+} (Okawaru gifted it to you on level 14 of the
                  | Dungeon)
 17325 | D:14     | Found a gate to the Vaults.
 17656 | D:15     | Entered Level 15 of the Dungeon
 17765 | D:15     | Identified the +3 leather armour "Zamemaag" {Int+3} (You
                  | found it on level 15 of the Dungeon)
 17925 | D:15     | Found an opulent altar of Gozag.
 17965 | D:15     | Identified a scroll of acquirement
 17966 | D:15     | Acquired a manual of Armour
 17982 | D:15     | Received a gift from Okawaru
 18072 | D:15     | Received a gift from Okawaru
 18123 | D:15     | Noticed a fire giant
 18244 | D:15     | Found a staircase to the Depths.
 18263 | D:15     | Killed a fire giant
 18310 | D:15     | Found a frozen archway.
 18319 | IceCv    | Entered an ice cave
 18335 | IceCv    | Found a transporter.
 18368 | IceCv    | Received a gift from Okawaru
 18405 | IceCv    | Found a transporter.
 18419 | IceCv    | Reached skill level 10 in Evocations
 18572 | D:15     | Learned a level 3 spell: Portal Projectile
 18810 | D:15     | Received a gift from Okawaru
 18984 | Orc:1    | Entered Level 1 of the Orcish Mines
 19084 | Orc:1    | Reached XP level 16. HP: 111/111 MP: 23/23
 19129 | Orc:1    | Found Kylus's General Store.
 19144 | Orc:1    | Found Xegel's Gadget Shoppe.
 19149 | Orc:1    | Bought a wand of acid (9) for 338 gold pieces
 19172 | Orc:1    | Bought a wand of paralysis (7) for 126 gold pieces
 19262 | Orc:1    | Found Oschu's Antique Weapon Shop.
 19343 | Orc:1    | Received a gift from Okawaru
 19344 | Orc:1    | Reached skill level 1 in Translocations
 19354 | Orc:1    | Got ichor-stained steam dragon scales {god gift}
 19360 | Orc:1    | Identified the +5 steam dragon scales of Zomiucum {Dex+6
                  | Slay+3} (Okawaru gifted it to you on level 1 of the Orcish
                  | Mines)
 19369 | Orc:1    | Found a burning altar of Makhleb.
 19526 | Orc:2    | Entered Level 2 of the Orcish Mines
 19737 | Orc:2    | Found a staircase to the Elven Halls.
 19845 | Orc:2    | Reached skill level 1 in Hexes
 19861 | Orc:2    | Reached skill level 1 in Spellcasting
 20015 | Orc:2    | Found Feloanah's Weapon Shoppe.
 20015 | Orc:2    | Found Imeu's Weapon Shop.
 20056 | Orc:2    | Bought 27 stones for 35 gold pieces
 20056 | Orc:2    | Bought 20 stones for 26 gold pieces
 20182 | Orc:2    | Found Sicroex's Antique Weapon Shop.
 20183 | Orc:2    | Found Suxoirij's Assorted Antiques.
 20241 | Orc:2    | Found a roughly hewn altar of Beogh.
 20476 | Orc:2    | Found a roughly hewn altar of Beogh.
 21375 | Orc:2    | Bought the +7 Spriggan's Knife {stab, EV+4 Stlth+} for 1844
                  | gold pieces
 21375 | Orc:2    | Found the +7 Spriggan's Knife {stab, EV+4 Stlth+}
 21379 | Orc:2    | Learned a level 3 spell: Mephitic Cloud
 21787 | Lair:3   | Reached skill level 11 in Fighting
 21796 | Lair:3   | Reached skill level 1 in Short Blades
 21897 | Lair:3   | Reached skill level 1 in Throwing
 21901 | Lair:3   | Reached skill level 1 in Conjurations
 21949 | Lair:3   | Identified Geiv's Compendium of Noxious Calling
 22578 | Lair:4   | Reached skill level 1 in Air Magic
 22588 | Lair:4   | Reached skill level 1 in Poison Magic
 22751 | Lair:4   | Reached skill level 10 in Invocations
 22884 | Lair:4   | Found a hole to the Spider Nest.
 23147 | Lair:4   | Found a staircase to the Shoals.
 23478 | Lair:5   | Received a gift from Okawaru
 24115 | Lair:6   | Entered Level 6 of the Lair of Beasts
 24289 | Lair:6   | Found a staircase to the Slime Pits.
 24470 | Lair:6   | Reached XP level 17. HP: 117/117 MP: 24/24
 25020 | Lair:6   | Identified the amulet "Ymakk" {Faith +Blink Str+3 Dex-4}
                  | (You found it on level 6 of the Lair of Beasts)
 25387 | Spider:1 | Entered Level 1 of the Spider Nest
 25466 | Spider:1 | Received a gift from Okawaru
 25509 | Spider:1 | Noticed Rupert
 25657 | Spider:1 | Killed Rupert
 25862 | Spider:1 | Received a gift from Okawaru
 26395 | Spider:2 | Noticed Donald
 26404 | Spider:2 | Killed Donald
 26883 | Spider:2 | Noticed Arachne
 26897 | Spider:2 | Killed Arachne
 26898 | Spider:2 | Reached skill level 5 in Conjurations
 26908 | Spider:2 | Reached skill level 5 in Stealth
 26909 | Spider:2 | Noticed Frances
 26985 | Spider:2 | Killed Frances
 26986 | Spider:2 | Reached XP level 18. HP: 124/124 MP: 20/25
 27090 | Spider:3 | Reached skill level 5 in Short Blades
 27160 | Spider:3 | Received a gift from Okawaru
 27287 | Spider:2 | Gained mutation: You are occasionally teleported next to
                  | monsters. [mutagenic glow]
 27289 | Spider:2 | Lost mutation: You are occasionally teleported next to
                  | monsters. [potion of mutation]
 27289 | Spider:2 | Gained mutation: You have a pair of small horns on your
                  | head. [potion of mutation]
 27862 | Spider:4 | Entered Level 4 of the Spider Nest
 28097 | Spider:4 | Reached skill level 5 in Throwing
 28122 | Spider:4 | Reached skill level 15 in Armour
 28517 | Spider:4 | Received a gift from Okawaru
 28757 | Spider:4 | Reached skill level 12 in Fighting
 28946 | Spider:4 | Got a gossamer rune of Zot
 29090 | Shoals:1 | Entered Level 1 of the Shoals
 29100 | Shoals:1 | Reached XP level 19. HP: 131/131 MP: 26/26
 29355 | Shoals:1 | Received a gift from Okawaru
 29360 | Shoals:1 | Reached skill level 5 in Spellcasting
 29528 | Shoals:1 | Received a gift from Okawaru
 30059 | Shoals:2 | Received a gift from Okawaru
 30232 | Shoals:2 | Identified Roxanne's Disquisition on Transmutation
 30232 | Shoals:2 | Noticed Roxanne
 30270 | Shoals:2 | Killed Roxanne
 31203 | Shoals:3 | Received a gift from Okawaru
 31530 | Shoals:4 | Entered Level 4 of the Shoals
 31537 | Shoals:4 | Received a gift from Okawaru
 31547 | Shoals:4 | Noticed Ilsuiw
 31592 | Shoals:4 | Killed Ilsuiw
 31887 | Shoals:4 | Received a gift from Okawaru
 31929 | Shoals:4 | Got a barnacled rune of Zot
 32055 | Shoals:4 | Reached XP level 20. HP: 132/138 MP: 27/27
 32458 | Shoals:4 | Received a gift from Okawaru
 32465 | Shoals:4 | Identified Qamuvaqi's Guide on Enchanting Calling
 32529 | Shoals:4 | Found a runed translucent gate.
 32529 | Shoals:4 | Found a runed translucent gate.
 32529 | Shoals:4 | Found a runed translucent gate.
 32534 | Shoals:4 | Noticed Qoceumut's ghost (journeyman DsAK)
 32544 | Shoals:4 | Killed Qoceumut's ghost
 33137 | Vaults:1 | Entered Level 1 of the Vaults
 33469 | Spider:3 | Identified the -2 pair of gloves "Opsu" {rC+ MR+} (Okawaru
                  | gifted it to you on level 3 of the Spider Nest)
 33660 | Lair:1   | Killed jr88keys's ghost
 33831 | D:11     | Killed LufLufFighter's ghost
 34114 | Vaults:1 | Noticed Nikola
 34133 | Vaults:1 | Killed Nikola
 34283 | Elf:1    | Entered Level 1 of the Elven Halls
 34413 | Elf:1    | Received a gift from Okawaru
 34557 | Elf:1    | Received a gift from Okawaru
 34704 | Elf:1    | Found a shimmering blue altar of Sif Muna.
 34744 | Elf:1    | Received a gift from Okawaru
 34830 | Elf:1    | Found an ancient bone altar of Kikubaaqudgha.
 34885 | Elf:1    | Found Gytrohov's Antique Armour Shop.
 34888 | Elf:1    | Found Pauvitohah's Magic Scroll Shop.
 34897 | Elf:1    | Found Erphal's Gadget Shop.
 34899 | Elf:1    | Found Fieral's Weapon Shop.
 34906 | Elf:1    | Bought a fine cloak for 361 gold pieces
 34906 | Elf:1    | Identified the +0 cloak "Sacoygae" {rN+ Str+4} (You bought
                  | it in a shop on level 1 of the Elven Halls)
 34966 | Elf:1    | Received a gift from Okawaru
 35038 | Elf:1    | Identified the Almanac of Creation
 35451 | Elf:2    | Received a gift from Okawaru
 35745 | Elf:2    | Reached XP level 21. HP: 144/144 MP: 30/30
 35867 | Elf:2    | Reached skill level 10 in Stealth
 35896 | Elf:2    | Reached skill level 13 in Fighting
 35906 | Elf:2    | Reached skill level 10 in Short Blades
 36035 | Elf:2    | Found a huge runed translucent gate.
 36035 | Elf:2    | Found a huge runed translucent gate.
 36035 | Elf:2    | Found a huge runed translucent gate.
 36036 | Elf:2    | Found a huge runed translucent gate.
 36038 | Elf:2    | Found a huge runed translucent gate.
 36380 | Elf:2    | Reached skill level 10 in Conjurations
 36580 | Elf:3    | Entered Level 3 of the Elven Halls
 36653 | Elf:3    | Found a gateway to a bazaar.
 36662 | Bazaar   | Entered a bazaar
 36662 | Bazaar   | Found Weoll's Magic Scroll Shoppe.
 36675 | Bazaar   | Found Mecw's Antique Weapon Emporium.
 36701 | Bazaar   | Found Gogurol's Antique Armour Shop.
 36704 | Bazaar   | Found Uvibbus's Armour Boutique.
 36710 | Bazaar   | Found Plog's General Store.
 36718 | Bazaar   | Bought a scroll of enchant armour for 52 gold pieces
 36718 | Bazaar   | Bought a potion of haste for 70 gold pieces
 36718 | Bazaar   | Bought a scroll of silence for 52 gold pieces
 36718 | Bazaar   | Bought a wand of acid (4) for 112 gold pieces
 36730 | Bazaar   | Bought a faintly humming scale mail for 189 gold pieces
 36730 | Bazaar   | Identified the +5 scale mail of Packuzid {Harm rC+ MR+
                  | rCorr} (You bought it in a shop in a bazaar)
 36743 | Bazaar   | Bought a scroll of summoning for 85 gold pieces
 36743 | Bazaar   | Bought a scroll of teleportation for 27 gold pieces
 36743 | Bazaar   | Bought a scroll of identify for 18 gold pieces
 36743 | Bazaar   | Bought a scroll of enchant weapon for 67 gold pieces
 36743 | Bazaar   | Bought a scroll of teleportation for 27 gold pieces
 37606 | Elf:3    | Learned a level 3 spell: Dazzling Flash
 37970 | Elf:3    | Received a gift from Okawaru
 38184 | Elf:3    | Identified the +10 plate armour "Narchaff" {+Fly Int+2}
 38184 | Elf:3    | Identified the ring "Rota" {*Tele *Drain Int+4 SInv}
 38200 | Elf:3    | Reached XP level 22. HP: 104/153 MP: 32/32
 38367 | Elf:3    | Got a masterwork fustibalus
 38368 | Elf:3    | Identified the +7 fustibalus "Killer Bee's Doom" {freeze,
                  | +Inv rF+ rN++ Int-5} (You found it on level 3 of the Elven
                  | Halls)
 38402 | Elf:3    | Got a translucent brass ring
 38403 | Elf:3    | Identified the ring of Etho Ymy {rElec rF- Int+8 Dex-2
                  | Stlth+} (You found it on level 3 of the Elven Halls)
 38408 | Elf:3    | Identified the cursed -1 helmet of Courage {Str+5 Dex+2}
                  | (You found it on level 3 of the Elven Halls)
 38422 | Elf:3    | Identified Sif Muna's Almanac of Stones and the Frostbite
 40126 | Vaults:1 | Received a gift from Okawaru
 40396 | Vaults:1 | Found Laxeesch's Distillery.
 40402 | Vaults:1 | Received a gift from Okawaru
 40403 | Vaults:1 | Reached skill level 10 in Throwing
 40421 | Vaults:1 | Bought a potion of heal wounds for 65 gold pieces
 40421 | Vaults:1 | Bought a potion of attraction for 39 gold pieces
 40421 | Vaults:1 | Bought 2 potions of curing for 78 gold pieces
 40421 | Vaults:1 | Bought a potion of might for 52 gold pieces
 40994 | Vaults:2 | You fall into a shaft and drop 1 floor!
 41073 | Vaults:3 | Found a portal to a secret trove of treasure.
 41146 | Vaults:2 | Found a magical portal.
 41171 | WizLab   | Entered The Chambers of the Cloud Mage
 41328 | WizLab   | Reached skill level 5 in Hexes
 41554 | WizLab   | Received a gift from Okawaru
 41809 | WizLab   | Paralysed by you for 2 turns
 41927 | WizLab   | Identified the ring of Ascent {EV+4 SInv}
 42223 | WizLab   | Got a bound jade ring
 42224 | WizLab   | Identified the ring of the Solstice {+Fly rN++ MR-} (You
                  | found it in a wizard's laboratory)
 42235 | WizLab   | Identified Fimyapof's Catalogue of Weightlessness
 42370 | Vaults:2 | Reached skill level 14 in Fighting
 42387 | Vaults:2 | Reached XP level 23. HP: 159/159 MP: 35/35
 42424 | Vaults:2 | Found a staircase to the Crypt.
 42891 | Vaults:2 | Received a gift from Okawaru
 44734 | Vaults:1 | Bought 2 potions of curing for 78 gold pieces
 44734 | Vaults:1 | Bought a potion of curing for 39 gold pieces
 44734 | Vaults:1 | Bought a potion of curing for 39 gold pieces
 44734 | Vaults:1 | Bought a potion of curing for 39 gold pieces
 44734 | Vaults:1 | Bought a potion of might for 52 gold pieces
 44734 | Vaults:1 | Bought a potion of curing for 39 gold pieces
 44734 | Vaults:1 | Bought a potion of curing for 39 gold pieces
 44734 | Vaults:1 | Bought a potion of brilliance for 52 gold pieces
 44734 | Vaults:1 | Bought 2 potions of curing for 78 gold pieces
 44734 | Vaults:1 | Bought 2 potions of resistance for 260 gold pieces
 44734 | Vaults:1 | Bought a potion of haste for 130 gold pieces
 44836 | Vaults:3 | You paid a toll of 17 potions of curing to enter a treasure
                  | trove
 44837 | Trove    | Entered a treasure trove
 44886 | Trove    | Got a coiled lead amulet
 44887 | Trove    | Identified the amulet of Jihuog {Inacc +Fly rElec rC++
                  | Str-5} (You found it in a treasure trove)
 44889 | Trove    | Got a shimmering amethyst amulet
 44891 | Trove    | Got a translucent bone amulet
 44928 | Vaults:3 | Identified the amulet "Zoleam" {Acrobat rPois rF+ rN+
                  | Dex-4} (You found it in a treasure trove)
 44929 | Vaults:3 | Identified the amulet "Qesenyipt" {Inacc rN+} (You found it
                  | in a treasure trove)
 46161 | Vaults:4 | Received a gift from Okawaru
 46326 | Vaults:4 | Found Inlai's General Store.
 46472 | Vaults:4 | Reached skill level 15 in Stealth
 46728 | Vaults:4 | Reached XP level 24. HP: 127/167 MP: 28/36
 47682 | Slime:1  | Entered Level 1 of the Pits of Slime
 47921 | Slime:2  | Noticed Dissolution
 47934 | Slime:2  | Killed Dissolution
 48276 | Slime:4  | Received a gift from Okawaru
 48281 | Slime:4  | Reached skill level 15 in Fighting
 48305 | Slime:4  | Gained mutation: You are clumsy. (Dex -2) [a shining eye]
 48488 | Slime:5  | Entered Level 5 of the Pits of Slime
 48875 | Slime:5  | Found a viscous altar of Jiyva.
 49829 | Slime:5  | Reached skill level 10 in Spellcasting
 49891 | Slime:5  | Noticed the Royal Jelly
 50045 | Slime:5  | Killed the Royal Jelly
 50045 | Slime:5  | Received a gift from Okawaru
 50053 | Slime:5  | Identified the +0 hat of Atiraig {rPois rCorr Str+10 Dex-4}
                  | (Okawaru gifted it to you on level 5 of the Pits of Slime)
 50152 | Slime:5  | Identified the cursed +0 hat of Basuikh Sono {rC++ Dex+4}
                  | (You found it on level 5 of the Pits of Slime)
 50202 | Slime:5  | Identified the ring of Paubog {rPois EV+4 Stlth+} (You
                  | found it on level 5 of the Pits of Slime)
 50210 | Slime:5  | Identified the Papyrus of Dusty Contamination
 50213 | Slime:5  | Identified the +4 chain mail "Lotythroq" {Str+2} (You found
                  | it on level 5 of the Pits of Slime)
 50284 | Slime:5  | Got a slimy rune of Zot
 50303 | Slime:5  | Identified the ring of Mirghuu {+Blink rPois rF- rC+ Str-3}
                  | (You found it on level 5 of the Pits of Slime)
 50816 | Crypt:1  | Entered Level 1 of the Crypt
 50985 | Crypt:1  | Reached XP level 25. HP: 174/174 MP: 37/37
 51041 | Crypt:1  | Reached skill level 1 in Summonings
 52657 | Crypt:2  | Noticed Mara
 52662 | Crypt:2  | Killed Mara
 52662 | Crypt:2  | Received a gift from Okawaru
 53330 | Crypt:3  | Entered Level 3 of the Crypt
 53343 | Crypt:3  | Reached skill level 16 in Fighting
 53473 | Crypt:3  | Noticed Boris
 53518 | Crypt:3  | Killed Boris
 53806 | Crypt:3  | Received a gift from Okawaru
 53960 | Crypt:3  | Noticed Frederick
 53967 | Crypt:3  | Killed Frederick
 54149 | Crypt:3  | Noticed an ancient lich
 54156 | Crypt:3  | Killed an ancient lich
 54157 | Crypt:3  | Reached skill level 5 in Summonings
 54157 | Crypt:3  | Reached XP level 26. HP: 184/184 MP: 37/37
 54162 | Crypt:3  | Found a basalt altar of Yredelemnul.
 54200 | Crypt:3  | Identified the Collected Works on Evil Arts
 54211 | Crypt:3  | Got a brightly glowing lead ring
 54212 | Crypt:3  | Identified the ring of Goepnino {*Corrode rPois rF+ rN+++
                  | Dex+4} (You found it on level 3 of the Crypt)
 54258 | Crypt:3  | Received a gift from Okawaru
 54262 | Crypt:3  | Identified the +0 pair of boots of Fortification {rF+ rCorr
                  | Int-3} (Okawaru gifted it to you on level 3 of the Crypt)
 54526 | Crypt:3  | Found a staircase to the Tomb.
 54547 | Crypt:3  | Identified the +2 ring mail "Amys" {-Cast rC+ rN+ MR++}
                  | (You found it on level 3 of the Crypt)
 54717 | Crypt:3  | Learned a level 8 spell: Necromutation
 54725 | Crypt:3  | Learned a level 7 spell: Malign Gateway
 54946 | Vaults:5 | Entered Level 5 of the Vaults
 54964 | Vaults:5 | Noticed Saint Roka
 54969 | Vaults:5 | Killed Saint Roka
 54985 | Vaults:5 | Noticed Xtahua
 55023 | Vaults:5 | Found Mogerr's Distillery.
 55029 | Vaults:5 | Found Walat's Antique Armour Shoppe.
 55096 | Vaults:5 | Reached skill level 10 in Shields
 55437 | Vaults:5 | Reached skill level 15 in Dodging
 55750 | Vaults:5 | Received a gift from Okawaru
 56086 | Vaults:5 | Reached skill level 17 in Fighting
 56427 | Vaults:5 | Reached XP level 27. HP: 174/192 MP: 37/37
 57030 | Vaults:5 | Found Tofobban's Distillery.
 57036 | Vaults:5 | Bought a potion of brilliance for 80 gold pieces
 57036 | Vaults:5 | Bought a potion of curing for 60 gold pieces
 57036 | Vaults:5 | Bought a potion of might for 80 gold pieces
 57036 | Vaults:5 | Bought 2 potions of might for 160 gold pieces
 57036 | Vaults:5 | Bought 2 potions of heal wounds for 200 gold pieces
 57093 | Vaults:5 | Received a gift from Okawaru
 57831 | Vaults:5 | Killed Xtahua
 57973 | Vaults:5 | Received a gift from Okawaru
 58019 | Vaults:5 | Identified the +1 ring mail of the Tired Quests {*Contam
                  | rPois rN++ SInv} (You found it on level 5 of the Vaults)
 58066 | Vaults:5 | Identified the +4 mace of Termination {holy, Int+3}
 58148 | Vaults:5 | Found Osaozoj's Armour Shoppe.
 58321 | Vaults:5 | Found Aniuroer's Jewellery Shoppe.
 58335 | Vaults:5 | Found Siwu's Antique Weapon Shoppe.
 58339 | Vaults:5 | Bought a pair of embroidered boots for 202 gold pieces
 58339 | Vaults:5 | Bought an encrusted scale mail for 243 gold pieces
 58339 | Vaults:5 | Identified the +2 scale mail of Lyokhlue {Dex+4} (You
                  | bought it in a shop on level 5 of the Vaults)
 58376 | Vaults:5 | Got a silver rune of Zot
 58732 | Vaults:5 | Bought 2 potions of haste for 440 gold pieces
 58804 | Vaults:4 | Bought a scroll of magic mapping for 66 gold pieces
 58804 | Vaults:4 | Bought a scroll of teleportation for 57 gold pieces
 59051 | Orc:2    | Bought a throwing net for 39 gold pieces
 59100 | Orc:2    | Bought a tattered robe for 165 gold pieces
 59100 | Orc:2    | Bought a scroll of magic mapping for 101 gold pieces
 59100 | Orc:2    | Identified the +1 robe of Vampiric Thralls {rF+ rN+ Str+4}
                  | (You bought it in a shop on level 2 of the Orcish Mines)
 60155 | Vaults:3 | Learned a level 5 spell: Borgnjor's Vile Clutch
 60362 | D:11     | Bought a book of the Tempests for 1120 gold pieces
 60374 | D:11     | Learned a level 8 spell: Ignition
 60596 | Temple   | Fell from the grace of Okawaru
 60596 | Temple   | Became a worshipper of Ashenzari the Shackled
 60883 | Orc:1    | Bought a scroll of remove curse for 39 gold pieces
 60926 | Orc:2    | Bought a scroll of remove curse for 87 gold pieces
 61037 | Elf:1    | Bought a scroll of teleportation for 36 gold pieces
 61037 | Elf:1    | Bought a scroll of remove curse for 36 gold pieces
 61037 | Elf:1    | Bought a scroll of fog for 24 gold pieces
 61037 | Elf:1    | Bought a scroll of remove curse for 36 gold pieces
 61325 | Depths:1 | Entered Level 1 of the Depths
 61559 | Depths:1 | Reached skill level 1 in Earth Magic
 61561 | Depths:1 | Reached skill level 1 in Fire Magic
 61564 | Depths:1 | Found a gateway to Hell.
 61889 | Depths:1 | Reached skill level 1 in Necromancy
 62074 | Depths:1 | Identified the cursed +0 tower shield of the Bruised Knives
                  | {rN+ rCorr Stlth+} (You found it on level 11 of the
                  | Dungeon)
 62074 | Depths:1 | Identified the +5 falchion "Beetle's Demise" {drain, Str+3
                  | Int+3 SInv} (You found it on level 3 of the Elven Halls)
 62074 | Depths:1 | Identified the +2 plate armour of the Valley of Death
                  | {Dex+7} (You found it on level 3 of the Elven Halls)
 62074 | Depths:1 | Identified the +11 war axe "Meygiu" {vorpal, rElec rC+}
 62074 | Depths:1 | Identified the cursed +1 arbalest "Gaginig" {elec, rF- MR+
                  | Dex+4} (You found it on level 5 of the Pits of Slime)
 62074 | Depths:1 | Identified the +1 quarterstaff "Eshris" {venom, rC+ Int+4}
                  | (You found it on level 3 of the Vaults)
 62074 | Depths:1 | Identified the cursed +0 glaive "Vuab Gus" {venom, rN++
                  | Str+3} (You found it on level 1 of the Crypt)
 62164 | Depths:1 | Found a gateway to a ziggurat.
 62189 | Depths:1 | Reached skill level 1 in Transmutations
 62229 | Depths:1 | Paralysed by a floating eye for 2 turns
 62572 | Elf:1    | Bought a wand of acid (9) for 312 gold pieces
 62572 | Elf:1    | Bought a wand of digging (6) for 240 gold pieces
 62572 | Elf:1    | Bought a wand of paralysis (11) for 156 gold pieces
 63278 | Depths:2 | Reached * piety under Ashenzari
 63534 | Depths:2 | Noticed a juggernaut
 63540 | Depths:2 | Killed a juggernaut
 64013 | Depths:2 | Found a shimmering blue altar of Sif Muna.
 64151 | Depths:2 | Reached skill level 15 in Throwing
 64627 | Depths:2 | Reached skill level 18 in Fighting
 64636 | Depths:2 | Reached skill level 10 in Summonings
 64656 | Depths:2 | Found a broken altar of Ashenzari.
 64827 | Depths:2 | Acquired the cursed ring "Atitaomo" {rElec rPois rF+ Dex+3}
 65551 | Depths:3 | Reached ** piety under Ashenzari
 65576 | Depths:3 | Noticed a juggernaut
 65585 | Depths:3 | Killed a juggernaut
 65632 | Depths:3 | Identified the cursed +3 spear of Gozag's Approval {vorpal,
                  | +Rage rPois rF+ SInv}
 66839 | Depths:3 | Found a one-way gate leading to the halls of Pandemonium.
 66907 | Depths:3 | Reached skill level 5 in Fire Magic
 67798 | Depths:4 | Reached *** piety under Ashenzari
 67919 | Depths:4 | Found a one-way gate to the infinite horrors of the Abyss.
 68078 | Depths:4 | Identified the cursed +3 morningstar of Alomuoske {freeze,
                  | rPois Stlth+}
 68101 | Depths:4 | Identified the +11 trident "Xoet" {venom, +Inv rF+}
 68416 | Depths:5 | Entered Level 5 of the Depths
 68678 | Depths:5 | Reached skill level 5 in Necromancy
 69088 | Depths:5 | Gained mutation: Your magical capacity is low. (-10% MP)
                  | [mutagenic glow]
 69186 | Depths:5 | Found a runed translucent door.
 69227 | Depths:5 | Found a runed translucent door.
 69251 | Depths:5 | Found a runed translucent door.
 69260 | Depths:5 | Found a runed translucent door.
 69330 | Depths:5 | Found a runed translucent door.
 69330 | Depths:5 | Found a runed translucent door.
 69503 | Depths:5 | Found a gate to the Realm of Zot.
 69532 | Depths:5 | Was forgiven by Okawaru
 69975 | Depths:4 | Voluntarily entered the Abyss.
 69995 | Abyss:1  | Reached **** piety under Ashenzari
 70527 | Depths:4 | Escaped the Abyss
 70529 | Depths:4 | Voluntarily entered the Abyss.
 70538 | Abyss:1  | Found a sparkling altar of Nemelex Xobeh.
 70644 | Abyss:1  | Found a roughly hewn altar of Beogh.
 70865 | Abyss:2  | Reached ***** piety under Ashenzari
 70934 | Abyss:3  | Noticed a juggernaut
 70936 | Abyss:3  | Killed a juggernaut
 70939 | Abyss:3  | Got an abyssal rune of Zot
 70947 | Abyss:3  | Found a glowing golden altar of the Shining One.
 71046 | Depths:4 | Escaped the Abyss
 71113 | Depths:4 | Voluntarily entered the Abyss.
 71286 | Abyss:2  | Identified the amulet of Dufabo {RegenMP +Fly rF+ rN+
                  | Slay+2}
 71322 | Abyss:2  | Reached skill level 5 in Transmutations
 71640 | Depths:4 | Escaped the Abyss
 71887 | Zot:1    | Entered Level 1 of the Realm of Zot
 72934 | Zot:2    | Reached ****** piety under Ashenzari
 72944 | Zot:2    | Noticed an orb of fire
 72948 | Zot:2    | Killed an orb of fire
 72949 | Zot:2    | Reached skill level 19 in Fighting
 73022 | Zot:2    | Found a transporter.
 73022 | Zot:2    | Found a transporter.
 73101 | Zot:2    | Gained mutation: You are robust. (+10% HP) [mutagenic glow]
 73305 | Zot:2    | Identified the +10 great mace "Ulosup" {antimagic, rN+
                  | Str+4}
 73305 | Zot:2    | Identified the +11 great sword of the Wraith {flame, rN+
                  | Dex+3}
 73306 | Zot:2    | Noticed dickylongcocking's ghost (legendary DrCj)
 73358 | Zot:2    | Reached skill level 15 in Shields
 73360 | Zot:2    | Identified the +3 cloak of the Locust {rF+ Int+4}
 73690 | Zot:2    | Identified the +3 cloak "Inod" {Str+5 Dex-2}
 73711 | Zot:2    | Identified the +9 morningstar "Coff" {vorpal, rF+}
 74079 | Zot:3    | Noticed a Killer Klown
 74079 | Zot:3    | Noticed a Killer Klown
 74079 | Zot:3    | Noticed a Killer Klown
 74079 | Zot:3    | Noticed a Killer Klown
 74079 | Zot:3    | Noticed a Killer Klown
 74079 | Zot:3    | Noticed a Killer Klown
 74079 | Zot:3    | Noticed a Killer Klown
 74080 | Zot:3    | Killed a Killer Klown
 74085 | Zot:3    | Killed a Killer Klown
 74092 | Zot:3    | Killed a Killer Klown
 74097 | Zot:3    | Killed a Killer Klown
 74104 | Zot:3    | Killed a Killer Klown
 74105 | Zot:3    | Reached skill level 10 in Fire Magic
 74115 | Zot:3    | Killed a Killer Klown
 74117 | Zot:3    | Killed a Killer Klown
 74784 | Zot:3    | Identified the ring "Doam" {Ice MR++ Int-5}
 75372 | Zot:4    | Noticed a Killer Klown
 75378 | Zot:4    | Killed a Killer Klown
 75494 | Zot:4    | Noticed an orb of fire
 75501 | Zot:4    | Killed an orb of fire
 76301 | Zot:5    | Entered Level 5 of the Realm of Zot
 76375 | Zot:5    | Reduced skill Invocations to level 5
 77232 | Zot:2    | Found a bloodstained altar of Trog.
 77280 | Zot:2    | Killed dickylongcocking's ghost
 77471 | Depths:4 | Voluntarily entered the Abyss.
 77538 | Abyss:1  | Reduced skill Slings to level 15
 77793 | Abyss:1  | Found a corrupted altar of Lugonu.
 77925 | Depths:4 | Escaped the Abyss
 77927 | Depths:4 | Voluntarily entered the Abyss.
 78025 | Depths:4 | Escaped the Abyss
 78027 | Depths:4 | Voluntarily entered the Abyss.
 78312 | Depths:4 | Escaped the Abyss
 78399 | Depths:3 | Acquired a cursed +1 pair of boots of rampaging
 78688 | Pan      | Entered Pandemonium
 78821 | Pan      | Reached skill level 5 in Translocations
 78841 | Pan      | Reduced skill Slings to level 10
 79207 | Pan      | Reached skill level 10 in Necromancy
 79266 | Pan      | Noticed Xaocvade the pandemonium lord
 79565 | Pan      | Reached skill level 20 in Fighting
 79589 | Pan      | Killed Xaocvade the pandemonium lord
 79672 | Pan      | Reduced skill Slings to level 5
 79823 | Pan      | Noticed Zogry the pandemonium lord
 79830 | Pan      | Reduced skill Slings to level 1
 79836 | Pan      | Killed Zogry the pandemonium lord
 80926 | Pan      | Reached skill level 15 in Spellcasting
 80928 | Pan      | Reduced skill Evocations to level 10
 81754 | Pan      | Identified the +2 hand axe "Etigiujasi" {drain, *Drain
                  | rPois rF+ MR++}
 81798 | Pan      | Noticed Peah the pandemonium lord
 81802 | Pan      | Killed Peah the pandemonium lord
 82165 | Pan      | Reduced skill Armour to level 15
 82777 | Pan      | Found a glowing golden altar of the Shining One.
 82777 | Pan      | Noticed a seraph
 82778 | Pan      | Identified the +7 quarterstaff of Semniecs {freeze, rF+
                  | Stlth+}
 82778 | Pan      | Identified the ring of Icyegor {*Tele Dex+5}
 82806 | Pan      | Killed a seraph
 82863 | Pan      | Identified the ring "Irajoppist" {rF+++ SInv}
 82916 | Pan      | Identified the cursed ring "Kuasuj" {rC- EV-4 SInv Stlth+}
 82919 | Pan      | Identified the +1 hunting sling of Forgiveness {venom,
                  | rPois Str+4 Int-3 Stlth+}
 82920 | Pan      | Identified the +7 arbalest of Rifita {venom, rC+ rN+
                  | Stlth+}
 82920 | Pan      | Identified the ring of the Heavens {Wiz Str+6}
 82924 | Pan      | Got a demonic rune of Zot
 82925 | Pan      | Identified the Tome of Mutagenic Flight
 83131 | Pan      | Identified the +3 chain mail "Zyh Gao" {rC+ Dex+4}
 83132 | Pan      | Found a glowing silver altar of Zin.
 83132 | Pan      | Identified the +3 tower shield of the Dragon {rPois rN+
                  | Slay-6}
 83135 | Pan      | Identified the +1 lajatang of Propriety {drain, rPois Int-2
                  | Dex+5}
 83155 | Pan      | Reached skill level 10 in Transmutations
 83178 | Pan      | Identified the +5 tower shield of Imperfection {Rampage rF+
                  | rC-}
 83535 | Pan      | Found a white marble altar of Elyvilon.
 83636 | Pan      | Gained mutation: Scrolls take you a little longer to read.
                  | [mutagenic glow]
 83785 | Pan      | Identified the +1 chain mail "Upsaddocs" {rC- Str+5}
 83871 | Depths:3 | Escaped Pandemonium
 83876 | Pan      | Entered Pandemonium
 83946 | Pan      | Noticed Vacimao the pandemonium lord
 83975 | Pan      | Reached skill level 15 in Necromancy
 83986 | Pan      | Killed Vacimao the pandemonium lord
 83990 | Pan      | Found an exit through the horrors of the Abyss.
 84669 | Pan      | Identified the ring of the Raven {+Inv rF- Dex+3 SInv
                  | Stlth-}
 84890 | Pan      | Noticed Fyafurusk the pandemonium lord
 84900 | Pan      | Killed Fyafurusk the pandemonium lord
 85107 | Pan      | Noticed Temmerim the pandemonium lord
 85122 | Pan      | Killed Temmerim the pandemonium lord
 85141 | Depths:3 | Escaped Pandemonium
 85244 | Pan      | Entered the realm of Gloorx Vloq.
 85244 | Pan      | Entered Pandemonium
 85389 | Pan      | Noticed Gloorx Vloq
 85396 | Pan      | Killed Gloorx Vloq
 85442 | Pan      | Got a dark rune of Zot
 85519 | Pan      | Entered the realm of Cerebov.
 85789 | Pan      | Identified the +1 broad axe of the Median {vorpal, rElec
                  | MR+++ Str-5 Dex+5}
 85789 | Pan      | Identified the ring "Wifuumi" {rN+ Int+2 Dex+6 Stlth-}
 85905 | Pan      | Identified the +6 dagger of the Desolation of Salt {speed,
                  | Int+3}
 85986 | Pan      | Identified the cursed +3 whip "Tysiwn" {vorpal, rC+ Str+2}
 85992 | Pan      | Identified the Tome of Stolen Souls and Conjuration
 86013 | Pan      | Identified the +6 sword of Cerebov {flame}
 86013 | Pan      | Noticed Cerebov
 86048 | Pan      | Killed Cerebov
 86081 | Pan      | Identified the +4 ring mail "Kadet" {rF+ Dex+4}
 86081 | Pan      | Identified the ring of Ujayb {Fire Dex+4}
 86081 | Pan      | Identified the cursed ring "Moagga Nifi" {MR++ AC-4}
 86106 | Pan      | Identified the +10 arbalest "Kounn" {flame, +Inv Str+4}
 86109 | Pan      | Got a fiery rune of Zot
 86406 | Pan      | Noticed Xadwosk the pandemonium lord
 86424 | Pan      | Killed Xadwosk the pandemonium lord
 86492 | Pan      | Noticed Wuohoh the pandemonium lord
 86496 | Pan      | Killed Wuohoh the pandemonium lord
 86546 | Pan      | Identified the cursed +0 long sword of the Scroll {vorpal,
                  | rC+}
 86546 | Pan      | Noticed Xaicemy the pandemonium lord
 86555 | Pan      | Killed Xaicemy the pandemonium lord
 86712 | Pan      | Identified the cursed +0 leather armour "Kuimorr" {rF-
                  | Int+5 Dex+2}
 86785 | Pan      | Found an exit through the horrors of the Abyss.
 86927 | Pan      | Lost mutation: You are robust. (+10% HP) [mutagenic glow]
 86928 | Pan      | Lost mutation: Your magical capacity is low. (-10% MP)
                  | [potion of mutation]
 86928 | Pan      | Lost mutation: You have a pair of small horns on your head.
                  | [potion of mutation]
 86928 | Pan      | Lost mutation: Scrolls take you a little longer to read.
                  | [potion of mutation]
 86928 | Pan      | Lost mutation: You are clumsy. (Dex -2) [potion of
                  | mutation]
 86929 | Pan      | Gained mutation: Armour fits poorly on your strangely
                  | shaped body. [potion of mutation]
 86929 | Pan      | Gained mutation: You have a pair of small horns on your
                  | head. [potion of mutation]
 86929 | Pan      | Gained mutation: You have large cloven feet. [potion of
                  | mutation]
 86932 | Pan      | Lost mutation: Armour fits poorly on your strangely shaped
                  | body. [potion of mutation]
 86932 | Pan      | Lost mutation: You have a pair of small horns on your head.
                  | [potion of mutation]
 86932 | Pan      | Lost mutation: You have large cloven feet. [potion of
                  | mutation]
 86932 | Pan      | Gained mutation: You have large cloven feet. [potion of
                  | mutation]
 86932 | Pan      | Gained mutation: You are surrounded by a mild repulsion
                  | field. (EV +2) [potion of mutation]
 86951 | Pan      | Entered the realm of Lom Lobon.
 87535 | Pan      | Noticed Lom Lobon
 87552 | Pan      | Killed Lom Lobon
 87582 | Pan      | Got a magical rune of Zot
 87900 | Pan      | Reduced skill Invocations to level 1
 88149 | Pan      | Entered the realm of Mnoleg.
 88378 | Pan      | Reached skill level 15 in Fire Magic
 88386 | Pan      | Noticed Mnoleg
 88511 | Pan      | Killed Mnoleg
 88526 | Pan      | Got a glowing rune of Zot
 88678 | Pan      | Found an exit through the horrors of the Abyss.
 88687 | Pan      | Took an exit into the Abyss.
 88687 | Abyss:1  | Escaped into the Abyss
 88699 | Abyss:1  | Found a corrupted altar of Lugonu.
 88728 | Abyss:1  | Identified the +2 robe of Gowauj {*Corrode rPois rF+ SInv}
 88733 | Abyss:1  | Found a shadowy altar of Dithmenos.
 88739 | Depths:3 | Escaped the Abyss
 88820 | Hell     | Entered the Vestibule of Hell
 88820 | Hell     | Noticed Geryon
 88836 | Hell     | Killed Geryon
 89145 | Hell     | Found a gateway to the freezing wastes of Cocytus.
 89297 | Hell     | Found a gateway to the Iron City of Dis.
 89406 | Hell     | Found a gateway to the decaying netherworld of Tartarus.
 89487 | Hell     | Found a gateway to the ashen valley of Gehenna.
 89674 | Coc:1    | Entered Level 1 of Cocytus
 89685 | Coc:1    | You are sucked into a shaft and drop 1 floor!
 89793 | Coc:3    | Noticed a shard shrike
 89795 | Coc:3    | Noticed a shard shrike
 89796 | Coc:3    | Noticed a shard shrike
 89797 | Coc:3    | Noticed a shard shrike
 89801 | Coc:3    | Killed a shard shrike
 89801 | Coc:3    | Killed a shard shrike
 89801 | Coc:3    | Killed a shard shrike
 89830 | Coc:3    | Killed a shard shrike
 89955 | Coc:4    | You are sucked into a shaft and drop 2 floors!
 89983 | Coc:7    | Entered Level 7 of Cocytus
 90189 | Coc:7    | Noticed a shard shrike
 90197 | Coc:7    | Killed a shard shrike
 90236 | Coc:7    | Reached skill level 21 in Fighting
 90429 | Coc:7    | Identified the ring "Haruul" {rF+ Str+3}
 90554 | Coc:7    | Noticed Antaeus
 90565 | Coc:7    | Killed Antaeus
 90577 | Coc:7    | Got an icy rune of Zot
 90625 | Coc:7    | Noticed a shard shrike
 90687 | Dis:1    | Entered Level 1 of the Iron City of Dis
 90816 | Dis:4    | Reached skill level 22 in Fighting
 91133 | Dis:7    | Entered Level 7 of the Iron City of Dis
 91140 | Dis:7    | Identified the +5 long sword of the Girdle {drain, rN+}
 91503 | Dis:7    | Noticed the Serpent of Hell
 91511 | Dis:7    | Killed the Serpent of Hell
 91515 | Dis:7    | Reached skill level 23 in Fighting
 91739 | Dis:7    | Identified the +4 staff of Dispater
 91739 | Dis:7    | Noticed Dispater
 91758 | Dis:7    | Killed Dispater
 91840 | Dis:7    | Identified the Collected Works on Venom and the Oath
 91847 | Dis:7    | Got an iron rune of Zot
 92259 | Tar:1    | Entered Level 1 of Tartarus
 92632 | Tar:6    | You fall into a shaft and drop 1 floor!
 92632 | Tar:7    | Entered Level 7 of Tartarus
 92632 | Tar:7    | Noticed Ereshkigal
 92637 | Tar:7    | Killed Ereshkigal
 92638 | Tar:7    | Reached skill level 24 in Fighting
 92969 | Tar:7    | Got a bone rune of Zot
 93143 | Geh:1    | Entered Level 1 of Gehenna
 93402 | Geh:2    | Reached skill level 25 in Fighting
 93827 | Geh:7    | Entered Level 7 of Gehenna
 93925 | Geh:7    | Identified the +2 pair of gloves "Peuts" {+Fly rC+ MR-}
 93925 | Geh:7    | Identified the cursed +0 ring mail of the Past {rC++}
 93925 | Geh:7    | Identified the +10 flail "Arcanum" {antimagic, *Slow Dex+7}
 93925 | Geh:7    | Identified the ring of Interdependent Arising {EV+4 Int+2}
 93925 | Geh:7    | Identified the +9 quarterstaff "Diwoppiucs" {speed, Str+4}
 93925 | Geh:7    | Identified the +3 quarterstaff of Dim Light {freeze, Int+2}
 93932 | Geh:7    | Got an obsidian rune of Zot
 94307 | Tomb:1   | Entered Level 1 of the Tomb of the Ancients
 94450 | Tomb:1   | Reached skill level 26 in Fighting
 94687 | Tomb:1   | Acquired the cursed ring of Tush {rF+ rC- MR+++ Dex+4
                  | Stlth+}
 95122 | Tomb:2   | Noticed a royal mummy
 95122 | Tomb:2   | Noticed a royal mummy
 95127 | Tomb:2   | Killed a royal mummy
 95128 | Tomb:2   | Noticed a royal mummy
 95129 | Tomb:2   | Killed a royal mummy
 95130 | Tomb:2   | Noticed a royal mummy
 95132 | Tomb:2   | Killed a royal mummy
 95135 | Tomb:2   | Killed a royal mummy
 95738 | Tomb:2   | Reached skill level 27 in Fighting
 95869 | Tomb:3   | Entered Level 3 of the Tomb of the Ancients
 95880 | Tomb:3   | Noticed a royal mummy
 95880 | Tomb:3   | Noticed a royal mummy
 95880 | Tomb:3   | Noticed Mennas
 95891 | Tomb:3   | Killed a royal mummy
 95892 | Tomb:3   | Noticed a royal mummy
 95894 | Tomb:3   | Killed a royal mummy
 95899 | Tomb:3   | Noticed a royal mummy
 95899 | Tomb:3   | Noticed a royal mummy
 95900 | Tomb:3   | Noticed a royal mummy
 95900 | Tomb:3   | Noticed a royal mummy
 95907 | Tomb:3   | Killed a royal mummy
 95907 | Tomb:3   | Killed a royal mummy
 95907 | Tomb:3   | Noticed a royal mummy
 95910 | Tomb:3   | Killed Mennas
 95912 | Tomb:3   | Killed a royal mummy
 95912 | Tomb:3   | Killed a royal mummy
 95913 | Tomb:3   | Killed a royal mummy
 95914 | Tomb:3   | Killed a royal mummy
 95972 | Tomb:3   | Got a golden rune of Zot
 96116 | Tomb:3   | Identified the cursed +1 ring mail of the Fiddle {rF+}
 96117 | Tomb:3   | Identified the ring "Tikeh" {Fire Dex+2}
 96119 | Tomb:3   | Identified the ring "Vedottyr" {rN+ MP+9}
 96122 | Tomb:3   | Found the ring of Phasing {EV+8}
 96178 | Tomb:1   | Noticed a royal mummy
 96180 | Tomb:1   | Killed a royal mummy
 96811 | Zot:5    | Noticed an ancient lich
 96834 | Zot:5    | Killed an ancient lich
 96834 | Zot:5    | Noticed an ancient lich
 96835 | Zot:5    | Noticed an orb of fire
 96838 | Zot:5    | Noticed a Killer Klown
 96859 | Zot:5    | Killed an ancient lich
 96866 | Zot:5    | Noticed a Killer Klown
 96871 | Zot:5    | Killed a Killer Klown
 96893 | Zot:5    | Killed an orb of fire
 96899 | Zot:5    | Killed a Killer Klown
 96915 | Zot:5    | Paralysed by a Zot trap for 5 turns
 96920 | Zot:5    | HP: 2/224 [Orb Guardian (27)]
 96920 | Zot:5    | Mangled by an Orb Guardian

Illustrated notes

Levels and vault maps discovered:
D:1:      dpeg_arrival_water_fire, layout_loops_corners
D:2:      layout_loops_ring, kennysheep_nondescript
D:3:      layout_basic, lemuel_round_altar, chequers_ecumenical_altar_grove,
          uniq_terence, uniq_jessica
D:4:      layout_basic, serial_shops, nicolae_shop_statue_plus,
          kennysheep_cluttered_room
D:5:      layout_loops_corners, minmay_temple_entry_antechambers,
          portal_sewer_entry_f, uniq_eustachio, uniq_menkaure,
          uniq_blork_the_orc
D:6:      layout_cave_pools, serial_gnoll_camp, gnoll_camp_mini_hut,
          gnoll_camp_mini_sergeant, gnoll_camp_mini_hut, gnoll_camp_medium_01,
          gnoll_camp_medium_02, uniq_sigmund
D:7:      layout_loops_ring, st_stairs_10, serial_bayou_pond_d,
          minmay_guarded_unrand_staff_of_olgreb
D:8:      layout_basic, gammafunk_temple_overflow_claw, minmay_lair_entry_grove,
          uniq_pikel
D:9:      layout_loops_ring, serial_shops, shop
D:10:     layout_loops_corners
D:11:     layout_loops_ring, gammafunk_ghost_smash, special_room
          [special_room_bee], nicolae_blasting_shop, the_bakery
D:12:     layout_basic, david_orc_1_choice
D:13:     layout_roguey, enter_bailey_4, palyth_stone_intersect,
          minmay_statue_crystal_thing, uniq_urug, uniq_maurice
D:14:     minmay_polygon_palace, layout_basic, grunt_vaults_entry_tiered,
          serial_shops, shop, hangedman_decor_riveting, hex_medium
D:15:     grunt_enter_depths_giant_problem, layout_irregular_city,
          portal_ice_cave_entry_pillars_1, basic_altar
Temple:   dpeg_five_rooms_temple
Lair:1:   layout_cave_pods, hellmonk_ghost_happy_afterlife,
          gauntlet_entry_generic, serial_bayou_shore_b
Lair:2:   layout_long_grid
Lair:3:   layout_regular_city, hangedman_lair_unloving_vines
Lair:4:   layout_hall_layers, elwin_shoals_entry_rooms,
          nicolae_spider_entry_non_spiders, minmay_lair_oklob_bushes
Lair:5:   layout_loops_ring, infiniplex_staircase_pool_2
Lair:6:   grunt_lair_end_beastmaster, layout_long_grid,
          minmay_slime_entry_pillars, grunt_forest_small_clearings
Shoals:1: cheibrodos_shoals_satyrical_garden, layout_shoals
Shoals:2: cheibrodos_shoals_epimethial_gifts, layout_shoals, uniq_roxanne,
          uniq_polyphemus
Shoals:3: layout_shoals
Shoals:4: shoals_end_grunt_ice, layout_shoals, shoals_ilsuiw_alternative,
          ebering_ghost_rock_garden
Spider:1: layout_spider_delve, uniq_rupert
Spider:2: nicolae_orb_stairs_large, hangedman_spider_tarantella_strand,
          uniq_frances, uniq_arachne, uniq_donald
Spider:3: layout_spider_delve
Spider:4: spider_rune_water, nicolae_spider_webbed_stairs
Slime:1:  layout_caves
Slime:2:  layout_caves, uniq_dissolution
Slime:3:  layout_caves
Slime:4:  layout_caves, basic_altar
Slime:5
Orc:1:    layout_caves, serial_shops, shop, shop,
          nicolae_shop_overgrown_old_shop, bloody_makhleb
Orc:2:    st_orc_town, layout_diamond_mine, minmay_orc_temple_c
Elf:1:    eino_elf_arrival_customs, layout_rooms, evilmike_minifort,
          hangedman_elf_simple_split, minivault_15, minmay_shop_grid_forest,
          moated_statue, minivault_24, st_stairs_12, drop_trap,
          solitary_fountain, minmay_elf_demonology
Elf:2:    layout_geoelf_diagonals
Elf:3:    minmay_elf_hall_circle, layout_geoelf_grid, serial_shops, freezing_bzr
Vaults:1: nicolae_vaults_network_periphery, vaults_mumra_hex,
          grunt_vaults_hallway_short, hangedman_vaults_locks, v_misc_3,
          vaults_mumra_hexcomb, nicolae_vaults_little_squares_2,
          nicolae_vaults_hallways_thing, v_misc_26, vaults_room_hallway,
          nicolae_vaults_specimen_jars, layout_vaults_omnigrid, serial_shops,
          shop, uniq_nikola
Vaults:2: minmay_crypt_entry_skeletal_spiral, nicolae_vaults_little_squares_5,
          nicolae_vaults_big_ls, nicolae_vaults_statue_guard,
          ontoclasm_vaults_twist, vaults_dpeg_spiral, nicolae_vaults_arrows,
          hangedman_vaults_hat, ontoclasm_vaults_hangar, v_misc_9,
          nicolae_vaults_angled_halls, nicolae_vaults_little_squares_6,
          layout_vaults_maze, infiniplex_enter_wizlab_glasses
Vaults:3: nicolae_vaults_network_quinsquares
          [nicolae_vaults_network_quincunx_subvault,
          nicolae_vaults_network_quincunx_subvault,
          nicolae_vaults_network_quincunx_subvault,
          nicolae_vaults_network_quincunx_subvault],
          nicolae_vaults_windows_and_doors_thing, v_pattern_2,
          vaults_dpeg_diagonal, nicolae_vaults_big_angled_halls,
          vaults_standard_mumra_lines, v_misc_23,
          nicolae_vaults_diagonal_hallway_7, nicolae_vaults_little_squares_6,
          nicolae_vaults_little_squares_6, hangedman_vaults_capsules,
          layout_vaults_omnibox, enter_trove_2
Vaults:4: grunt_vaults_funneled_arena, nicolae_vaults_little_squares_4,
          serial_ice_g, nicolae_vaults_little_squares_6, hangedman_vaults_trim,
          v_misc_24, nicolae_vaults_border_crossing,
          nicolae_vaults_yaktaur_gun_rack, layout_vaults_chaotic_city,
          serial_shops, shop
Vaults:5: uniq_xtahua, uniq_saint_roka
Crypt:1:  layout_misc_corridors
Crypt:2:  layout_misc_corridors, nicolae_crypt_twisting_catacombs, st_stairs_9,
          uniq_mara
Crypt:3:  cryptofortress_bobbens, uniq_frederick, uniq_boris
Tomb:1
Tomb:2
Tomb:3:   uniq_mennas
Depths:1: minmay_crescents, layout_cave_shapes, enter_ziggurat_b, hell_entry,
          skrybe_limestone_x, minmay_misc_feat_roman, kennysheep_just_a_vault
Depths:2: minmay_ornate_pinched, layout_cave_pools, grunt_hell_horde,
          lemuel_round_altar, evilmike_ruin_ashenzari
Depths:3: hangedman_arch_fort, layout_gridlike, serial_bayou_ford_a,
          rand_demon_pan_entry_4, hangedman_geh_valley,
          infiniplex_staircase_split_hallway
Depths:4: minmay_quantized_circle, layout_gridlike, abyss_entry,
          grunt_hell_entry_dis_mu, minmay_misc_feat_four_crosses,
          minmay_staircase_windowed_large
Depths:5: evilmike_zot_entry_castle, layout_basic, minmay_strange_pillars,
          hangedman_coc_ice_floe
Hell
Dis:1:    layout_gridville
Dis:2:    layout_jigsaw
Dis:3:    layout_gridville, hangedman_player_shredder
Dis:4:    layout_gridville, hangedman_dis_chains, evilmike_ambush
          [evilmike_ambush_outer_basic, evilmike_ambush_inner_wall_1],
          lemuel_elevator
Dis:5:    layout_gridville, door_vault
Dis:6:    layout_gridville
Dis:7:    dis_grunt_layers
Geh:1:    layout_gehenna_lava_caves
Geh:2:    layout_gehenna_lava_caves, nicolae_geh_amphitheater
Geh:3:    layout_gehenna_pools_box
Geh:4:    layout_gehenna_lava_caves
Geh:5:    layout_gehenna_lava_caves
Geh:6:    layout_gehenna_pools_box
Geh:7:    geh_mu
Coc:1:    layout_ice_bergs
Coc:2:    layout_ice_bergs
Coc:3:    layout_cocytus_water_paths
Coc:4:    layout_ice_bergs
Coc:6:    layout_ice_bergs
Coc:7:    coc_dpeg
Tar:1:    layout_catacombs
Tar:2:    layout_honeycomb, nicolae_tar_cuneiform_water, grunt_megastairs_3
Tar:3:    layout_grid_maze
Tar:4:    layout_catacombs, nicolae_tar_cuneiform_to_be
Tar:5:    layout_cathedral_of_symmetry
Tar:6:    layout_catacombs
Tar:7:    tar_grunt_cathedral
Zot:1:    layout_gridlike, nicolae_lava_and_water, grunt_megastairs_2
Zot:2:    layout_gridville, gammafunk_ghost_wrathful_warriors
Zot:3:    layout_cathedral_of_symmetry, drop_trap, st_small_dragon_hoard_5,
          grunt_ministairs_6
Zot:4:    layout_cathedral_of_symmetry, grunt_megastairs_4
Zot:5:    layout_gridlike, hangedman_zot_decor_scrapings, st_stairs_1

Skill      XL: |  1  2  3  4  5  6  7  8  9 10 11 12 13 14 15 16 17 18 19 20 21 22 23 24 25 26 27 |
---------------+----------------------------------------------------------------------------------+-----
Slings         | 6 7 8 9 11 12 13 14 15 16 1 |  1.0
Fighting       | 2 4 5 6 7 8 9 10 11 12 13 14 15 16 17 27 | 27.0
Armour         | 2 4 6 7 8 9 10 11 12 13 14 15 17 18 13 | 13.3
Dodging        | 3 5 6 7 9 10 11 12 13 14 15 18 | 18.7
Shields        | 3 5 6 8 9 10 21 | 21.9
Invocations    | 2 5 6 8 9 10 0 |  0.0
Evocations     | 2 4 6 8 10 11 12 13 14 10 | 10.3
Translocations | 3 4 7 |  7.8
Hexes          | 2 3 5 8 |  8.0
Spellcasting   | 2 3 4 5 6 7 8 9 10 17 | 17.0
Short Blades   | 2 4 7 8 9 11 12 | 12.0
Throwing       | 2 4 5 6 8 9 10 11 13 14 19 | 19.9
Conjurations   | 2 5 7 8 9 10 11 12 | 12.0
Air Magic      | 2 3 |  3.0
Poison Magic   | 1 2 3 |  3.0
Stealth        | 2 5 7 8 9 11 13 15 17 18 19 21 | 21.0
Summonings     | 5 7 12 | 12.0
Earth Magic    | 4 |  4.2
Fire Magic     | 18 | 18.3
Necromancy     | 18 | 18.3
Transmutations | 13 | 13.9

Action                   |  1- 3 |  4- 6 |  7- 9 | 10-12 | 13-15 | 16-18 | 19-21 | 22-24 | 25-27 || total
-------------------------+-------+-------+-------+-------+-------+-------+-------+-------+-------++-------
Melee: Short sword       |       |       |    30 |   161 |       |       |       |       |       ||   191
       Dagger            |       |       |     9 |       |       |       |       |       |       ||     9
       Knife             |       |       |       |       |       |   162 |   173 |   445 |  4588 ||  5368
       Fustibalus        |       |       |       |       |       |     7 |       |       |       ||     7
       Headbutt          |       |       |       |       |       |     1 |    17 |    55 |   781 ||   854
 Fire: Hunting sling     |    71 |   166 |   574 |  1019 |  1438 |   298 |       |       |       ||  3566
       Fustibalus        |       |       |       |       |       |  1019 |  1230 |   720 |   967 ||  3936
Throw: Dart              |       |       |     5 |     4 |       |       |       |    39 |   461 ||   509
       Throwing net      |       |       |       |       |       |       |     2 |     5 |    95 ||   102
 Cast: Portal Projectile |       |       |       |       |       |     3 |     4 |     1 |       ||     8
       Mephitic Cloud    |       |       |       |       |       |       |     2 |    35 |   135 ||   172
       Borgnjor's Vile C |       |       |       |       |       |       |       |       |   140 ||   140
       Ignition          |       |       |       |       |       |       |       |       |   102 ||   102
       Necromutation     |       |       |       |       |       |       |       |       |    69 ||    69
       Dazzling Flash    |       |       |       |       |       |       |       |       |    36 ||    36
       Malign Gateway    |       |       |       |       |       |       |       |       |     4 ||     4
Invok: Heroism           |       |       |       |     7 |       |     6 |     2 |     3 |     2 ||    20
       Finesse           |       |       |       |       |       |     2 |     4 |     4 |     6 ||    16
       Curse Item        |       |       |       |       |       |       |       |       |    10 ||    10
       Transfer Knowledg |       |       |       |       |       |       |       |       |     8 ||     8
 Abil: Evoke Invisibilit |       |       |       |       |     3 |    17 |    33 |    40 |   206 ||   299
       Evoke Thunderclou |       |       |       |       |       |       |       |     1 |       ||     1
       Evoke Flight      |       |       |       |       |       |       |       |       |    12 ||    12
       End Transformatio |       |       |       |       |       |       |       |       |     9 ||     9
       Stop Flying       |       |       |       |       |       |       |       |       |     1 ||     1
Evoke: Wand              |       |       |       |     6 |    10 |    22 |     7 |    12 |    64 ||   121
       Phantom mirror    |       |       |       |       |       |     1 |     1 |       |     1 ||     3
       Box of beasts     |       |       |       |       |       |       |       |       |     3 ||     3
       Condenser vane    |       |       |       |       |       |       |       |       |     1 ||     1
  Use: Scroll            |       |     2 |     9 |    14 |    18 |    11 |     8 |    24 |    67 ||   153
       Potion            |       |       |     1 |     2 |       |     2 |     4 |     8 |    60 ||    77
 Stab: Paralysed         |       |       |       |     5 |       |       |       |       |       ||     5
       Sleeping          |       |       |       |       |       |   124 |   130 |   278 |  1708 ||  2240
Armor: Leather armour    |     5 |     9 |     1 |       |     3 |       |       |       |       ||    18
       Scale mail        |       |       |    71 |    93 |   111 |       |       |    64 |       ||   339
       Steam dragon scal |       |       |       |       |       |    98 |    60 |    53 |   368 ||   579
Dodge: Dodged            |    11 |    32 |   188 |   263 |   322 |   575 |   363 |   431 |  3286 ||  5471
Block: Buckler           |       |       |       |   109 |   123 |   229 |   136 |   205 |   237 ||  1039
       Reflection        |       |       |       |       |       |       |       |       |    12 ||    12
       Kite shield       |       |       |       |       |       |       |       |       |  3450 ||  3450

Table legend: (Time is in decaauts)
 A = Elapsed time spent in this place.
 B = Non-inter-level travel time spent in this place.
 C = Inter-level travel time spent in this place.
 D = Time resting spent in this place.
 E = Time spent auto-exploring this place.
 F = Levels seen in this place.
 G = Mean time per level.
                   A        B        C        D        E       F      G
               +--------+--------+--------+--------+--------+-----+--------+
         Total |  91596 |  78924 |  12672 |  13726 |  35240 | 129 |  710.0 |
       Dungeon |  18800 |  14289 |   4511 |    590 |   9282 |  15 | 1253.3 |
        Temple |    223 |     69 |    154 |      0 |     51 |   1 |  223.0 |
          Lair |   6685 |   5170 |   1515 |    102 |   3891 |   6 | 1114.2 |
        Shoals |   3794 |   3594 |    200 |    266 |   2187 |   4 |  948.5 |
   Spider Nest |   3622 |   3215 |    407 |    255 |   1878 |   4 |  905.5 |
    Slime Pits |   2468 |   2370 |     98 |   1372 |      0 |   5 |  493.6 |
  Orcish Mines |   2445 |   1716 |    729 |     46 |   1026 |   2 | 1222.5 |
   Elven Halls |   4483 |   3542 |    941 |    529 |   1613 |   3 | 1494.3 |
        Vaults |  10847 |   9092 |   1755 |   1693 |   4268 |   5 | 2169.4 |
         Crypt |   3982 |   3541 |    441 |    791 |   1593 |   3 | 1327.3 |
          Tomb |   1789 |   1706 |     83 |    644 |    255 |   3 |  596.3 |
        Depths |   8991 |   7894 |   1097 |   2850 |   2759 |   5 | 1798.2 |
          Hell |   1353 |   1203 |    150 |    680 |    163 |   1 | 1353.0 |
           Dis |   1045 |   1045 |      0 |    214 |      0 |   7 |  149.3 |
       Gehenna |    530 |    530 |      0 |    160 |      0 |   7 |   75.7 |
       Cocytus |    828 |    828 |      0 |    302 |      0 |   6 |  138.0 |
      Tartarus |    684 |    684 |      0 |    251 |      3 |   7 |   97.7 |
           Zot |   5431 |   4843 |    588 |    516 |   2847 |   5 | 1086.2 |
         Abyss |   2253 |   2253 |      0 |    117 |    507 |  11 |  204.8 |
   Pandemonium |   9152 |   9152 |      0 |   1910 |   2446 |  23 |  397.9 |
        Bazaar |    134 |    134 |      0 |      0 |     55 |   1 |  134.0 |
         Trove |     88 |     88 |      0 |      0 |     17 |   1 |   88.0 |
         Sewer |    162 |    162 |      0 |      0 |     74 |   1 |  162.0 |
      Ice Cave |    226 |    226 |      0 |    104 |     27 |   1 |  226.0 |
        Wizlab |   1117 |   1117 |      0 |    330 |     78 |   1 | 1117.0 |
      Gauntlet |    452 |    452 |      0 |      0 |    217 |   1 |  452.0 |
               +--------+--------+--------+--------+--------+-----+--------+

Top non-repeatable levels by time:
Vaults:5: 3452 daAuts
Vaults:1: 2366 daAuts
Depths:3: 2255 daAuts
    D:12: 1995 daAuts
Vaults:2: 1927 daAuts
    D:14: 1811 daAuts
Depths:5: 1784 daAuts
 Slime:5: 1781 daAuts
Vaults:4: 1725 daAuts
   Orc:2: 1721 daAuts
Depths:1: 1697 daAuts
     D:9: 1650 daAuts
   Elf:3: 1649 daAuts
    D:13: 1635 daAuts
Depths:4: 1632 daAuts
